Workbook

Sheet Returns Output
B2: Clearwater Analytics Take-Private: Sponsor and LP Returns
B3: ="($ in millions; close 25-Jun-26; exit at fiscal year-end on a flat NTM multiple; selected exit "&TEXT(Assumptions!$D$6,"""FY""yyyy")&")" -> ($ in millions; close 25-Jun-26; exit at fiscal year-end on a flat NTM multiple; selected exit FY2030)
B5: Returns by Exit Year
B6: Exit at fiscal year-end | F6: ='Deal Returns'!F6 -> 46752 | G6: ='Deal Returns'!G6 -> 47118 | H6: ='Deal Returns'!H6 -> 47483 | I6: ='Deal Returns'!I6 -> 47848 | J6: ='Deal Returns'!J6 -> 48213
B7: Outside-in case
B8: Exit equity value | F8: ='Deal Returns'!F14 -> 8616.5452 | G8: ='Deal Returns'!G14 -> 10252.001 | H8: ='Deal Returns'!H14 -> 11877.708 | I8: ='Deal Returns'!I14 -> 13617.175 | J8: ='Deal Returns'!J14 -> 15448.117
B9: Gross MOIC | F9: ='Deal Returns'!F26 -> 1.5019169 | G9: ='Deal Returns'!G26 -> 1.7869869 | H9: ='Deal Returns'!H26 -> 2.0703576 | I9: ='Deal Returns'!I26 -> 2.3735575 | J9: ='Deal Returns'!J26 -> 2.692702
B10: Gross XIRR | F10: ='Deal Returns'!F25 -> 0.30732097 | G10: ='Deal Returns'!G25 -> 0.25900198 | H10: ='Deal Returns'!H25 -> 0.22962205 | I10: ='Deal Returns'!I25 -> 0.21071793 | J10: ='Deal Returns'!J25 -> 0.19653367
B11: Marginal IRR of holding one more year | F11: ='Deal Returns'!F53 -> 0.30732097 | G11: ='Deal Returns'!G53 -> 0.18923928 | H11: ='Deal Returns'!H53 -> 0.1585746 | I11: ='Deal Returns'!I53 -> 0.14644806 | J11: ='Deal Returns'!J53 -> 0.1344583
B12: LP net MOIC (European waterfall) | F12: ='Fund Waterfall'!F44 -> 1.3312547 | G12: ='Fund Waterfall'!G44 -> 1.5060667 | H12: ='Fund Waterfall'!H44 -> 1.672577 | I12: ='Fund Waterfall'!I44 -> 1.8456244 | J12: ='Fund Waterfall'!J44 -> 2.0241438
B13: LP net XIRR (European waterfall) | F13: ='Fund Waterfall'!F45 -> 0.20905277 | G13: ='Fund Waterfall'!G45 -> 0.17940716 | H13: ='Fund Waterfall'!H45 -> 0.16136125 | I13: ='Fund Waterfall'!I45 -> 0.15008512 | J13: ='Fund Waterfall'!J45 -> 0.14177312
B14: Management case
B15: Exit equity value | F15: ='Deal Returns'!F75 -> 10156.293 | G15: ='Deal Returns'!G75 -> 13225.344 | H15: ='Deal Returns'!H75 -> 16723.03 | I15: ='Deal Returns'!I75 -> 20418.83 | J15: ='Deal Returns'!J75 -> 24552.556
B16: Gross MOIC | F16: ='Deal Returns'!F87 -> 1.7703044 | G16: ='Deal Returns'!G87 -> 2.3052589 | H16: ='Deal Returns'!H87 -> 2.9149271 | I16: ='Deal Returns'!I87 -> 3.5591278 | J16: ='Deal Returns'!J87 -> 4.2796617
B17: Gross XIRR | F17: ='Deal Returns'!F86 -> 0.45688438 | G17: ='Deal Returns'!G86 -> 0.39285242 | H17: ='Deal Returns'!H86 -> 0.35511439 | I17: ='Deal Returns'!I86 -> 0.3242314 | J17: ='Deal Returns'!J86 -> 0.30129097
B18: Marginal IRR of holding one more year | F18: ='Deal Returns'!F114 -> 0.45688438 | G18: ='Deal Returns'!G114 -> 0.30124316 | H18: ='Deal Returns'!H114 -> 0.26446842 | I18: ='Deal Returns'!I114 -> 0.22100061 | J18: ='Deal Returns'!J114 -> 0.20244678
B19: LP net MOIC (European waterfall) | F19: ='Fund Waterfall'!F135 -> 1.5223426 | G19: ='Fund Waterfall'!G135 -> 1.8672824 | H19: ='Fund Waterfall'!H135 -> 2.249078 | I19: ='Fund Waterfall'!I135 -> 2.6385496 | J19: ='Fund Waterfall'!J135 -> 3.0655821
B20: LP net XIRR (European waterfall) | F20: ='Fund Waterfall'!F136 -> 0.32152497 | G20: ='Fund Waterfall'!G136 -> 0.28588825 | H20: ='Fund Waterfall'!H136 -> 0.26532003 | I20: ='Fund Waterfall'!I136 -> 0.24706147 | J20: ='Fund Waterfall'!J136 -> 0.23347705
B22: ="Value-Creation Bridge: "&TEXT(Assumptions!$D$6,"""FY""yyyy")&" Exit" -> Value-Creation Bridge: FY2030 Exit
F23: Outside-in | H23: Management
F24: $m | G24: % of value | H24: $m | I24: % of value
B25: Sponsor equity invested | F25: =INDEX('Value Creation'!$F$12:$J$12,MATCH(Assumptions!$D$6,'Value Creation'!$F$6:$J$6,0)) -> 5737.032 | H25: =INDEX('Value Creation'!$F$41:$J$41,MATCH(Assumptions!$D$6,'Value Creation'!$F$35:$J$35,0)) -> 5737.032
B26: (+) Revenue growth | F26: =INDEX('Value Creation'!$F$13:$J$13,MATCH(Assumptions!$D$6,'Value Creation'!$F$6:$J$6,0)) -> 6185.0389 | G26: =F26/(F$31-F$25) -> 0.78488916 | H26: =INDEX('Value Creation'!$F$42:$J$42,MATCH(Assumptions!$D$6,'Value Creation'!$F$35:$J$35,0)) -> 10308.85 | I26: =H26/(H$31-H$25) -> 0.70215176
B27: (+) Margin expansion | F27: =INDEX('Value Creation'!$F$14:$J$14,MATCH(Assumptions!$D$6,'Value Creation'!$F$6:$J$6,0)) -> 1360.1508 | G27: =F27/(F$31-F$25) -> 0.17260483 | H27: =INDEX('Value Creation'!$F$43:$J$43,MATCH(Assumptions!$D$6,'Value Creation'!$F$35:$J$35,0)) -> 3504.7657 | I27: =H27/(H$31-H$25) -> 0.23871502
B28: (+) Multiple change | F28: =INDEX('Value Creation'!$F$15:$J$15,MATCH(Assumptions!$D$6,'Value Creation'!$F$6:$J$6,0)) -> 0 | G28: =F28/(F$31-F$25) -> 0 | H28: =INDEX('Value Creation'!$F$44:$J$44,MATCH(Assumptions!$D$6,'Value Creation'!$F$35:$J$35,0)) -> 0 | I28: =H28/(H$31-H$25) -> 0
B29: (+) Debt paydown and cash build, less unpaid deferred awards | F29: =INDEX('Value Creation'!$F$16:$J$16,MATCH(Assumptions!$D$6,'Value Creation'!$F$6:$J$6,0)) -> 315.22651 | G29: =F29/(F$31-F$25) -> 0.040002638 | H29: =INDEX('Value Creation'!$F$45:$J$45,MATCH(Assumptions!$D$6,'Value Creation'!$F$35:$J$35,0)) -> 848.45498 | I29: =H29/(H$31-H$25) -> 0.057789583
B30: (+) Deferred awards assumed at close, less fees | F30: =INDEX('Value Creation'!$F$17:$J$17,MATCH(Assumptions!$D$6,'Value Creation'!$F$6:$J$6,0)) -> 19.726949 | G30: =F30/(F$31-F$25) -> 0.0025033745 | H30: =INDEX('Value Creation'!$F$46:$J$46,MATCH(Assumptions!$D$6,'Value Creation'!$F$35:$J$35,0)) -> 19.726949 | I30: =H30/(H$31-H$25) -> 0.0013436331
B31: Exit equity value ($m) | F31: =INDEX('Value Creation'!$F$18:$J$18,MATCH(Assumptions!$D$6,'Value Creation'!$F$6:$J$6,0)) -> 13617.175 | H31: =INDEX('Value Creation'!$F$47:$J$47,MATCH(Assumptions!$D$6,'Value Creation'!$F$35:$J$35,0)) -> 20418.83
B32: (–) Management incentive pool | F32: =INDEX('Value Creation'!$F$21:$J$21,MATCH(Assumptions!$D$6,'Value Creation'!$F$6:$J$6,0)) -> -630.41145 | H32: =INDEX('Value Creation'!$F$50:$J$50,MATCH(Assumptions!$D$6,'Value Creation'!$F$35:$J$35,0)) -> -1174.5438
B33: Sponsor proceeds after incentive pool ($m) | F33: =INDEX('Value Creation'!$F$22:$J$22,MATCH(Assumptions!$D$6,'Value Creation'!$F$6:$J$6,0)) -> 12986.764 | H33: =INDEX('Value Creation'!$F$51:$J$51,MATCH(Assumptions!$D$6,'Value Creation'!$F$35:$J$35,0)) -> 19244.286
B35: ="Fund Waterfall: "&TEXT(Assumptions!$D$6,"""FY""yyyy")&" Exit (Illustrative LPA Terms)" -> Fund Waterfall: FY2030 Exit (Illustrative LPA Terms)
F36: Outside-in | H36: Management
F37: European | G37: American | H37: European | I37: American
B38: Distributable proceeds (after incentive pool) | F38: =INDEX('Fund Waterfall'!$F$30:$J$30,MATCH(Assumptions!$D$6,'Fund Waterfall'!$F$22:$J$22,0)) -> 12986.764 | G38: =INDEX('Fund Waterfall'!$F$30:$J$30,MATCH(Assumptions!$D$6,'Fund Waterfall'!$F$22:$J$22,0)) -> 12986.764 | H38: =INDEX('Fund Waterfall'!$F$121:$J$121,MATCH(Assumptions!$D$6,'Fund Waterfall'!$F$113:$J$113,0)) -> 19244.286 | I38: =INDEX('Fund Waterfall'!$F$121:$J$121,MATCH(Assumptions!$D$6,'Fund Waterfall'!$F$113:$J$113,0)) -> 19244.286
B39: Tier 1: return of capital | F39: =INDEX('Fund Waterfall'!$F$32:$J$32,MATCH(Assumptions!$D$6,'Fund Waterfall'!$F$22:$J$22,0)) -> 6313.3548 | G39: =INDEX('Fund Waterfall'!$F$48:$J$48,MATCH(Assumptions!$D$6,'Fund Waterfall'!$F$22:$J$22,0)) -> 5737.032 | H39: =INDEX('Fund Waterfall'!$F$123:$J$123,MATCH(Assumptions!$D$6,'Fund Waterfall'!$F$113:$J$113,0)) -> 6313.3548 | I39: =INDEX('Fund Waterfall'!$F$139:$J$139,MATCH(Assumptions!$D$6,'Fund Waterfall'!$F$113:$J$113,0)) -> 5737.032
B40: Tier 2: 8% preferred return | F40: =INDEX('Fund Waterfall'!$F$34:$J$34,MATCH(Assumptions!$D$6,'Fund Waterfall'!$F$22:$J$22,0)) -> 2525.2874 | G40: =INDEX('Fund Waterfall'!$F$50:$J$50,MATCH(Assumptions!$D$6,'Fund Waterfall'!$F$22:$J$22,0)) -> 2387.1746 | H40: =INDEX('Fund Waterfall'!$F$125:$J$125,MATCH(Assumptions!$D$6,'Fund Waterfall'!$F$113:$J$113,0)) -> 2525.2874 | I40: =INDEX('Fund Waterfall'!$F$141:$J$141,MATCH(Assumptions!$D$6,'Fund Waterfall'!$F$113:$J$113,0)) -> 2387.1746
B41: Tier 3: 100% GP catch-up | F41: =INDEX('Fund Waterfall'!$F$36:$J$36,MATCH(Assumptions!$D$6,'Fund Waterfall'!$F$22:$J$22,0)) -> 631.32184 | G41: =INDEX('Fund Waterfall'!$F$52:$J$52,MATCH(Assumptions!$D$6,'Fund Waterfall'!$F$22:$J$22,0)) -> 596.79366 | H41: =INDEX('Fund Waterfall'!$F$127:$J$127,MATCH(Assumptions!$D$6,'Fund Waterfall'!$F$113:$J$113,0)) -> 631.32184 | I41: =INDEX('Fund Waterfall'!$F$143:$J$143,MATCH(Assumptions!$D$6,'Fund Waterfall'!$F$113:$J$113,0)) -> 596.79366
B42: Tier 4: 80/20 split | F42: =INDEX('Fund Waterfall'!$F$38:$J$38,MATCH(Assumptions!$D$6,'Fund Waterfall'!$F$22:$J$22,0)) -> 3516.7996 | G42: =INDEX('Fund Waterfall'!$F$54:$J$54,MATCH(Assumptions!$D$6,'Fund Waterfall'!$F$22:$J$22,0)) -> 4265.7634 | H42: =INDEX('Fund Waterfall'!$F$129:$J$129,MATCH(Assumptions!$D$6,'Fund Waterfall'!$F$113:$J$113,0)) -> 9774.3219 | I42: =INDEX('Fund Waterfall'!$F$145:$J$145,MATCH(Assumptions!$D$6,'Fund Waterfall'!$F$113:$J$113,0)) -> 10523.286
B43: LP distributions ($m) | F43: =INDEX('Fund Waterfall'!$F$41:$J$41,MATCH(Assumptions!$D$6,'Fund Waterfall'!$F$22:$J$22,0)) -> 11652.082 | G43: =INDEX('Fund Waterfall'!$F$57:$J$57,MATCH(Assumptions!$D$6,'Fund Waterfall'!$F$22:$J$22,0)) -> 11536.817 | H43: =INDEX('Fund Waterfall'!$F$132:$J$132,MATCH(Assumptions!$D$6,'Fund Waterfall'!$F$113:$J$113,0)) -> 16658.1 | I43: =INDEX('Fund Waterfall'!$F$148:$J$148,MATCH(Assumptions!$D$6,'Fund Waterfall'!$F$113:$J$113,0)) -> 16542.835
B44: GP carried interest, before clawback ($m) | F44: =INDEX('Fund Waterfall'!$F$42:$J$42,MATCH(Assumptions!$D$6,'Fund Waterfall'!$F$22:$J$22,0)) -> 1334.6818 | G44: =INDEX('Fund Waterfall'!$F$58:$J$58,MATCH(Assumptions!$D$6,'Fund Waterfall'!$F$22:$J$22,0)) -> 1449.9463 | H44: =INDEX('Fund Waterfall'!$F$133:$J$133,MATCH(Assumptions!$D$6,'Fund Waterfall'!$F$113:$J$113,0)) -> 2586.1862 | I44: =INDEX('Fund Waterfall'!$F$149:$J$149,MATCH(Assumptions!$D$6,'Fund Waterfall'!$F$113:$J$113,0)) -> 2701.4508
B45: (–) GP clawback at fund wind-up | F45: =0 -> 0 | G45: =INDEX('Fund Waterfall'!$F$59:$J$59,MATCH(Assumptions!$D$6,'Fund Waterfall'!$F$22:$J$22,0)) -> -115.26457 | H45: =0 -> 0 | I45: =INDEX('Fund Waterfall'!$F$150:$J$150,MATCH(Assumptions!$D$6,'Fund Waterfall'!$F$113:$J$113,0)) -> -115.26457
B46: GP carried interest, after clawback ($m) | F46: =INDEX('Fund Waterfall'!$F$42:$J$42,MATCH(Assumptions!$D$6,'Fund Waterfall'!$F$22:$J$22,0)) -> 1334.6818 | G46: =INDEX('Fund Waterfall'!$F$60:$J$60,MATCH(Assumptions!$D$6,'Fund Waterfall'!$F$22:$J$22,0)) -> 1334.6818 | H46: =INDEX('Fund Waterfall'!$F$133:$J$133,MATCH(Assumptions!$D$6,'Fund Waterfall'!$F$113:$J$113,0)) -> 2586.1862 | I46: =INDEX('Fund Waterfall'!$F$151:$J$151,MATCH(Assumptions!$D$6,'Fund Waterfall'!$F$113:$J$113,0)) -> 2586.1862
B47: Paid-in capital (deal capital and fees) | F47: =INDEX('Fund Waterfall'!$F$25:$J$25,MATCH(Assumptions!$D$6,'Fund Waterfall'!$F$22:$J$22,0)) -> 6313.3548 | G47: =INDEX('Fund Waterfall'!$F$25:$J$25,MATCH(Assumptions!$D$6,'Fund Waterfall'!$F$22:$J$22,0)) -> 6313.3548 | H47: =INDEX('Fund Waterfall'!$F$116:$J$116,MATCH(Assumptions!$D$6,'Fund Waterfall'!$F$113:$J$113,0)) -> 6313.3548 | I47: =INDEX('Fund Waterfall'!$F$116:$J$116,MATCH(Assumptions!$D$6,'Fund Waterfall'!$F$113:$J$113,0)) -> 6313.3548
B49: ="Gross vs. Net: "&TEXT(Assumptions!$D$6,"""FY""yyyy")&" Exit" -> Gross vs. Net: FY2030 Exit
F50: Outside-in | H50: Management
F51: MOIC | G51: XIRR | H51: MOIC | I51: XIRR
B52: Gross, deal (before incentive pool) | F52: =INDEX('Fund Waterfall'!$F$66:$J$66,MATCH(Assumptions!$D$6,'Fund Waterfall'!$F$22:$J$22,0)) -> 2.3735575 | G52: =INDEX('Fund Waterfall'!$F$67:$J$67,MATCH(Assumptions!$D$6,'Fund Waterfall'!$F$22:$J$22,0)) -> 0.21071793 | H52: =INDEX('Fund Waterfall'!$F$157:$J$157,MATCH(Assumptions!$D$6,'Fund Waterfall'!$F$113:$J$113,0)) -> 3.5591278 | I52: =INDEX('Fund Waterfall'!$F$158:$J$158,MATCH(Assumptions!$D$6,'Fund Waterfall'!$F$113:$J$113,0)) -> 0.3242314
B53: Gross, after incentive pool | F53: =INDEX('Fund Waterfall'!$F$68:$J$68,MATCH(Assumptions!$D$6,'Fund Waterfall'!$F$22:$J$22,0)) -> 2.2636729 | G53: =INDEX('Fund Waterfall'!$F$69:$J$69,MATCH(Assumptions!$D$6,'Fund Waterfall'!$F$22:$J$22,0)) -> 0.19808901 | H53: =INDEX('Fund Waterfall'!$F$159:$J$159,MATCH(Assumptions!$D$6,'Fund Waterfall'!$F$113:$J$113,0)) -> 3.3543975 | I53: =INDEX('Fund Waterfall'!$F$160:$J$160,MATCH(Assumptions!$D$6,'Fund Waterfall'!$F$113:$J$113,0)) -> 0.30699012
B54: LP, net of fees, before carry | F54: =INDEX('Fund Waterfall'!$F$30:$J$30,MATCH(Assumptions!$D$6,'Fund Waterfall'!$F$22:$J$22,0))/INDEX('Fund Waterfall'!$F$25:$J$25,MATCH(Assumptions!$D$6,'Fund Waterfall'!$F$22:$J$22,0)) -> 2.0570305 | G54: =INDEX('Fund Waterfall'!$F$70:$J$70,MATCH(Assumptions!$D$6,'Fund Waterfall'!$F$22:$J$22,0)) -> 0.17873141 | H54: =INDEX('Fund Waterfall'!$F$121:$J$121,MATCH(Assumptions!$D$6,'Fund Waterfall'!$F$113:$J$113,0))/INDEX('Fund Waterfall'!$F$116:$J$116,MATCH(Assumptions!$D$6,'Fund Waterfall'!$F$113:$J$113,0)) -> 3.048187 | I54: =INDEX('Fund Waterfall'!$F$161:$J$161,MATCH(Assumptions!$D$6,'Fund Waterfall'!$F$113:$J$113,0)) -> 0.28837251
B55: LP net, European (whole-fund) | F55: =INDEX('Fund Waterfall'!$F$71:$J$71,MATCH(Assumptions!$D$6,'Fund Waterfall'!$F$22:$J$22,0)) -> 1.8456244 | G55: =INDEX('Fund Waterfall'!$F$72:$J$72,MATCH(Assumptions!$D$6,'Fund Waterfall'!$F$22:$J$22,0)) -> 0.15008512 | H55: =INDEX('Fund Waterfall'!$F$162:$J$162,MATCH(Assumptions!$D$6,'Fund Waterfall'!$F$113:$J$113,0)) -> 2.6385496 | I55: =INDEX('Fund Waterfall'!$F$163:$J$163,MATCH(Assumptions!$D$6,'Fund Waterfall'!$F$113:$J$113,0)) -> 0.24706147
B56: LP net, American (deal-by-deal, before clawback) | F56: =INDEX('Fund Waterfall'!$F$73:$J$73,MATCH(Assumptions!$D$6,'Fund Waterfall'!$F$22:$J$22,0)) -> 1.8273672 | G56: =INDEX('Fund Waterfall'!$F$74:$J$74,MATCH(Assumptions!$D$6,'Fund Waterfall'!$F$22:$J$22,0)) -> 0.147492 | H56: =INDEX('Fund Waterfall'!$F$164:$J$164,MATCH(Assumptions!$D$6,'Fund Waterfall'!$F$113:$J$113,0)) -> 2.6202923 | I56: =INDEX('Fund Waterfall'!$F$165:$J$165,MATCH(Assumptions!$D$6,'Fund Waterfall'!$F$113:$J$113,0)) -> 0.245106
B57: Gross-to-net spread (gross deal less LP net, European) | F57: =F52-F55 -> 0.52793304 | G57: =(G52-G55)*10000 -> 606.32813 | H57: =H52-H55 -> 0.92057818 | I57: =(I52-I55)*10000 -> 771.69931
B59: Source: CWAN LBO Model (Compound, 2026-10-20); CWAN merger proxy (DEFM14A, 8-Apr-26). Fund terms and incentive pool are illustrative assumptions.

Sheet Assumptions
B2: Assumptions
B3: (illustrative inputs; each is an assumption unless sourced on LBO Inputs)
B5: Exit and Extrapolation
B6: Selected exit (fiscal year-end) | D6: 47848 | F6: << Flat-multiple exit at each fiscal year-end, as in the LBO model; FY2030 is the base exit
B7: Exit NTM multiple vs. entry (turns) | D7: 0 | F7: << Zero keeps the LBO's flat exit multiple; the multiple-change bar in the bridge is then zero
B8: FY2032E revenue growth vs. FY2031E (pp) | D8: 0 | F8: << FY2031 exit only: the LBO forecast ends at FY2031E, so FY2032E (NTM) grows at FY2031E's rate plus this shift
B9: FY2032E Adj. EBITDA margin vs. FY2031E (pp) | D9: 0 | F9: << FY2031 exit only: FY2032E margin held at FY2031E plus this shift
B11: Management Incentive Pool (Illustrative)
B12: Pool, % of exit equity value above hurdle | D12: 0.08 | F12: << Proxy: Parent agreed to a post-closing equity incentive program for key employees; size not disclosed
B13: Hurdle: MOIC on sponsor equity invested | D13: 1 | F13: << Pool shares value created above invested capital (1.00x); nothing paid below it
B14: Time vesting period (years, ratable) | D14: 5 | F14: << Five-year ratable time vesting from close
B15: Full acceleration on a sale (1 = yes, 0 = no) | D15: 1 | F15: << With acceleration, the whole pool vests at any exit; set 0 to forfeit the unvested part
B17: Fund Terms (Illustrative LPA)
B18: Management fee, % of committed capital (investment period) | D18: 0.02 | F18: << On LP commitments; commitments sized so the deal plus investment-period fees fill them
B19: Investment period (years from close) | D19: 5 | F19: << Fees switch to invested capital after the investment period (FY2031 exit only)
B20: Management fee after investment period, % of invested capital | D20: 0.02 | F20: << Same rate on invested capital after the investment period
B21: Preferred return (annual compounding) | D21: 0.08 | F21: << Accrues on contributed capital (deal equity and fees) from each contribution date
B22: GP catch-up rate | D22: 1 | F22: << 100%: all cash after the preferred return goes to the GP until it holds 20% of profit
B23: Carried interest | D23: 0.2 | F23: << 80/20 LP/GP split above the catch-up
B24: Day count (days per year) | D24: 365 | F24: << Fee pro-ration and preferred return on actual days / 365, as XIRR

Sheet LBO Inputs
B2: LBO Inputs: outputs copied from CWAN LBO Model (Compound, 2026-10-20)
B3: ($ in millions)
B5: Transaction at Close (Both Cases)
B6: Close date | D6: 46198
B7: Transaction enterprise value | D7: 8381.7589
B8: Company merger costs | D8: 124.14263
B9: Financing fees & OID | D9: 54
B10: Sponsor equity invested (excl. rollover) | D10: 5737.032
B11: Management rollover | D11: 0
B12: Net debt at close | D12: 2625
B13: Memo: equity funded per closing 8-K (approx.) | D13: 5700
B14: Deferred award liability at close (paid within SBC as cash) | D14: 197.86958
B15: Deferred award payout above SBC as cash (FY2026E from close) | E15: 0 | F15: 0 | G15: 0 | H15: 0 | I15: 0 | J15: 0
B16: Deferred award liability, net of tax, at fiscal year-end | E16: 122.81093 | F16: 73.388672 | G16: 23.831008 | H16: 0 | I16: 0 | J16: 0
B18: Outside-in Case
B19: Fiscal year ending 31-Dec | E19: =DATE(2026,12,31) -> 46387 | F19: =EOMONTH(E19,12) -> 46752 | G19: =EOMONTH(F19,12) -> 47118 | H19: =EOMONTH(G19,12) -> 47483 | I19: =EOMONTH(H19,12) -> 47848 | J19: =EOMONTH(I19,12) -> 48213
B20: Revenue | E20: 936.446 | F20: 1063.9841 | G20: 1198.2522 | H20: 1337.4815 | I20: 1479.5137 | J20: 1627.465
B21: Adj. EBITDA (pre-SBC) | E21: 334.718 | F21: 395.47459 | G21: 453.01666 | H21: 514.17724 | I21: 573.49361 | J21: 636.02835
B22: FCF after tax and capex, pre-interest (FY2026E from close) | E22: 89.170614 | F22: 227.10955 | G22: 270.92516 | H22: 318.25226 | I22: 363.96907 | J22: 412.67992
B23: Net debt (incl. PIK) | E23: 2652.4225 | F23: 2654.1722 | G23: 2599.8118 | H23: 2483.2923 | I23: 2309.7735 | J23: 2071.5261
B24: Entry / exit NTM multiple (flat) | D24: 25.041256
B25: Exit equity value | F25: 8616.5452 | G25: 10252.001 | H25: 11877.708 | I25: 13617.175
B26: MOIC (LBO) | F26: 1.5019169 | G26: 1.7869869 | H26: 2.0703576 | I26: 2.3735575
B27: IRR (LBO convention) | F27: 0.30732097 | G27: 0.25926681 | H27: 0.22979615 | I27: 0.21084479
B28: XIRR, FY2030 exit (LBO) | I28: 0.21071793
B29: Exit enterprise value | F29: 11344.106 | G29: 12875.644 | H29: 14361 | I29: 15926.949
B31: Management Case
B32: Fiscal year ending 31-Dec | E32: =DATE(2026,12,31) -> 46387 | F32: =EOMONTH(E32,12) -> 46752 | G32: =EOMONTH(F32,12) -> 47118 | H32: =EOMONTH(G32,12) -> 47483 | I32: =EOMONTH(H32,12) -> 47848 | J32: =EOMONTH(I32,12) -> 48213
B33: Revenue | E33: 941.76153 | F33: 1102.0614 | G33: 1300.4324 | H33: 1533.8691 | I33: 1810.3863 | J33: 2100.0481
B34: Adj. EBITDA (pre-SBC) | E34: 338.6334 | F34: 418.78332 | G34: 518.97072 | H34: 635.1881 | I34: 764.42984 | J34: 896.72053
B35: FCF after tax and capex, pre-interest (FY2026E from close) | E35: 92.929947 | F35: 260.09338 | G35: 352.94338 | H35: 460.59154 | I35: 579.98473 | J35: 702.02363
B36: Net debt (incl. PIK) | E36: 2648.6285 | F36: 2615.7361 | G36: 2472.8225 | H36: 2197.9229 | I36: 1776.545 | J36: 1194.0787
B37: Entry / exit NTM multiple (flat) | D37: 24.751719
B38: Exit equity value | F38: 10156.293 | G38: 13225.344 | H38: 16723.03 | I38: 20418.83
B39: MOIC (LBO) | F39: 1.7703044 | G39: 2.3052589 | H39: 2.9149271 | I39: 3.5591278
B40: IRR (LBO convention) | F40: 0.45688438 | G40: 0.39327396 | H40: 0.35539648 | I40: 0.32443519
B41: XIRR, FY2030 exit (LBO) | I41: 0.3242314
B42: Exit enterprise value | F42: 12845.418 | G42: 15721.998 | H42: 18920.953 | I42: 22195.375

Sheet Deal Returns
B2: Deal Returns: Sponsor Equity, Dated Cash Flows by Exit Year
B3: ($ in millions)
B5: Outside-in Case: Exit Build
B6: Exit at fiscal year-end | F6: ='LBO Inputs'!F19 -> 46752 | G6: ='LBO Inputs'!G19 -> 47118 | H6: ='LBO Inputs'!H19 -> 47483 | I6: ='LBO Inputs'!I19 -> 47848 | J6: ='LBO Inputs'!J19 -> 48213
B7: Years from close | F7: =YEARFRAC('LBO Inputs'!$D$6,F$6,1) -> 1.5178082 | G7: =YEARFRAC('LBO Inputs'!$D$6,G$6,1) -> 2.5182482 | H7: =YEARFRAC('LBO Inputs'!$D$6,H$6,1) -> 3.5181383 | I7: =YEARFRAC('LBO Inputs'!$D$6,I$6,1) -> 4.5180723 | J7: =YEARFRAC('LBO Inputs'!$D$6,J$6,1) -> 5.5180283
B8: NTM revenue (next fiscal year) | F8: ='LBO Inputs'!G20 -> 1198.2522 | G8: ='LBO Inputs'!H20 -> 1337.4815 | H8: ='LBO Inputs'!I20 -> 1479.5137 | I8: ='LBO Inputs'!J20 -> 1627.465 | J8: ='LBO Inputs'!J20*('LBO Inputs'!J20/'LBO Inputs'!I20+Assumptions!$D$8) -> 1790.2115
B9: NTM Adj. EBITDA margin | F9: ='LBO Inputs'!G21/'LBO Inputs'!G20 -> 0.37806455 | G9: ='LBO Inputs'!H21/'LBO Inputs'!H20 -> 0.38443689 | H9: ='LBO Inputs'!I21/'LBO Inputs'!I20 -> 0.38762306 | I9: ='LBO Inputs'!J21/'LBO Inputs'!J20 -> 0.39080923 | J9: ='LBO Inputs'!J21/'LBO Inputs'!J20+Assumptions!$D$9 -> 0.39080923
B10: NTM Adj. EBITDA (pre-SBC) | F10: ='LBO Inputs'!G21 -> 453.01666 | G10: ='LBO Inputs'!H21 -> 514.17724 | H10: ='LBO Inputs'!I21 -> 573.49361 | I10: ='LBO Inputs'!J21 -> 636.02835 | J10: =J8*J9 -> 699.63119
B11: (×) Exit NTM multiple | F11: ='LBO Inputs'!$D$24+Assumptions!$D$7 -> 25.041256 | G11: ='LBO Inputs'!$D$24+Assumptions!$D$7 -> 25.041256 | H11: ='LBO Inputs'!$D$24+Assumptions!$D$7 -> 25.041256 | I11: ='LBO Inputs'!$D$24+Assumptions!$D$7 -> 25.041256 | J11: ='LBO Inputs'!$D$24+Assumptions!$D$7 -> 25.041256
B12: Exit enterprise value ($m) | F12: =F10*F11 -> 11344.106 | G12: =G10*G11 -> 12875.644 | H12: =H10*H11 -> 14361 | I12: =I10*I11 -> 15926.949 | J12: =J10*J11 -> 17519.643
B13: (–) Net debt and unpaid deferred awards (net of tax) at exit | F13: =-'LBO Inputs'!F23-'LBO Inputs'!F16 -> -2727.5609 | G13: =-'LBO Inputs'!G23-'LBO Inputs'!G16 -> -2623.6428 | H13: =-'LBO Inputs'!H23-'LBO Inputs'!H16 -> -2483.2923 | I13: =-'LBO Inputs'!I23-'LBO Inputs'!I16 -> -2309.7735 | J13: =-'LBO Inputs'!J23-'LBO Inputs'!J16 -> -2071.5261
B14: Exit equity value ($m) | F14: =F12+F13 -> 8616.5452 | G14: =G12+G13 -> 10252.001 | H14: =H12+H13 -> 11877.708 | I14: =I12+I13 -> 13617.175 | J14: =J12+J13 -> 15448.117
B16: Sponsor equity cash flows by exit year (dated; before incentive pool)
C17: Date | F17: =F$6 -> 46752 | G17: =G$6 -> 47118 | H17: =H$6 -> 47483 | I17: =I$6 -> 47848 | J17: =J$6 -> 48213
B18: (–) Sponsor equity invested at close | C18: ='LBO Inputs'!$D$6 -> 46198 | F18: =IF($C18='LBO Inputs'!$D$6,-'LBO Inputs'!$D$10,0)+IF($C18=F$6,F$14,0) -> -5737.032 | G18: =IF($C18='LBO Inputs'!$D$6,-'LBO Inputs'!$D$10,0)+IF($C18=G$6,G$14,0) -> -5737.032 | H18: =IF($C18='LBO Inputs'!$D$6,-'LBO Inputs'!$D$10,0)+IF($C18=H$6,H$14,0) -> -5737.032 | I18: =IF($C18='LBO Inputs'!$D$6,-'LBO Inputs'!$D$10,0)+IF($C18=I$6,I$14,0) -> -5737.032 | J18: =IF($C18='LBO Inputs'!$D$6,-'LBO Inputs'!$D$10,0)+IF($C18=J$6,J$14,0) -> -5737.032
B19: (+) Exit proceeds: FY2026E year-end | C19: ='LBO Inputs'!$E$19 -> 46387 | F19: =IF($C19='LBO Inputs'!$D$6,-'LBO Inputs'!$D$10,0)+IF($C19=F$6,F$14,0) -> 0 | G19: =IF($C19='LBO Inputs'!$D$6,-'LBO Inputs'!$D$10,0)+IF($C19=G$6,G$14,0) -> 0 | H19: =IF($C19='LBO Inputs'!$D$6,-'LBO Inputs'!$D$10,0)+IF($C19=H$6,H$14,0) -> 0 | I19: =IF($C19='LBO Inputs'!$D$6,-'LBO Inputs'!$D$10,0)+IF($C19=I$6,I$14,0) -> 0 | J19: =IF($C19='LBO Inputs'!$D$6,-'LBO Inputs'!$D$10,0)+IF($C19=J$6,J$14,0) -> 0
B20: (+) Exit proceeds: FY2027E year-end | C20: ='LBO Inputs'!$F$19 -> 46752 | F20: =IF($C20='LBO Inputs'!$D$6,-'LBO Inputs'!$D$10,0)+IF($C20=F$6,F$14,0) -> 8616.5452 | G20: =IF($C20='LBO Inputs'!$D$6,-'LBO Inputs'!$D$10,0)+IF($C20=G$6,G$14,0) -> 0 | H20: =IF($C20='LBO Inputs'!$D$6,-'LBO Inputs'!$D$10,0)+IF($C20=H$6,H$14,0) -> 0 | I20: =IF($C20='LBO Inputs'!$D$6,-'LBO Inputs'!$D$10,0)+IF($C20=I$6,I$14,0) -> 0 | J20: =IF($C20='LBO Inputs'!$D$6,-'LBO Inputs'!$D$10,0)+IF($C20=J$6,J$14,0) -> 0
B21: (+) Exit proceeds: FY2028E year-end | C21: ='LBO Inputs'!$G$19 -> 47118 | F21: =IF($C21='LBO Inputs'!$D$6,-'LBO Inputs'!$D$10,0)+IF($C21=F$6,F$14,0) -> 0 | G21: =IF($C21='LBO Inputs'!$D$6,-'LBO Inputs'!$D$10,0)+IF($C21=G$6,G$14,0) -> 10252.001 | H21: =IF($C21='LBO Inputs'!$D$6,-'LBO Inputs'!$D$10,0)+IF($C21=H$6,H$14,0) -> 0 | I21: =IF($C21='LBO Inputs'!$D$6,-'LBO Inputs'!$D$10,0)+IF($C21=I$6,I$14,0) -> 0 | J21: =IF($C21='LBO Inputs'!$D$6,-'LBO Inputs'!$D$10,0)+IF($C21=J$6,J$14,0) -> 0
B22: (+) Exit proceeds: FY2029E year-end | C22: ='LBO Inputs'!$H$19 -> 47483 | F22: =IF($C22='LBO Inputs'!$D$6,-'LBO Inputs'!$D$10,0)+IF($C22=F$6,F$14,0) -> 0 | G22: =IF($C22='LBO Inputs'!$D$6,-'LBO Inputs'!$D$10,0)+IF($C22=G$6,G$14,0) -> 0 | H22: =IF($C22='LBO Inputs'!$D$6,-'LBO Inputs'!$D$10,0)+IF($C22=H$6,H$14,0) -> 11877.708 | I22: =IF($C22='LBO Inputs'!$D$6,-'LBO Inputs'!$D$10,0)+IF($C22=I$6,I$14,0) -> 0 | J22: =IF($C22='LBO Inputs'!$D$6,-'LBO Inputs'!$D$10,0)+IF($C22=J$6,J$14,0) -> 0
B23: (+) Exit proceeds: FY2030E year-end | C23: ='LBO Inputs'!$I$19 -> 47848 | F23: =IF($C23='LBO Inputs'!$D$6,-'LBO Inputs'!$D$10,0)+IF($C23=F$6,F$14,0) -> 0 | G23: =IF($C23='LBO Inputs'!$D$6,-'LBO Inputs'!$D$10,0)+IF($C23=G$6,G$14,0) -> 0 | H23: =IF($C23='LBO Inputs'!$D$6,-'LBO Inputs'!$D$10,0)+IF($C23=H$6,H$14,0) -> 0 | I23: =IF($C23='LBO Inputs'!$D$6,-'LBO Inputs'!$D$10,0)+IF($C23=I$6,I$14,0) -> 13617.175 | J23: =IF($C23='LBO Inputs'!$D$6,-'LBO Inputs'!$D$10,0)+IF($C23=J$6,J$14,0) -> 0
B24: (+) Exit proceeds: FY2031E year-end | C24: ='LBO Inputs'!$J$19 -> 48213 | F24: =IF($C24='LBO Inputs'!$D$6,-'LBO Inputs'!$D$10,0)+IF($C24=F$6,F$14,0) -> 0 | G24: =IF($C24='LBO Inputs'!$D$6,-'LBO Inputs'!$D$10,0)+IF($C24=G$6,G$14,0) -> 0 | H24: =IF($C24='LBO Inputs'!$D$6,-'LBO Inputs'!$D$10,0)+IF($C24=H$6,H$14,0) -> 0 | I24: =IF($C24='LBO Inputs'!$D$6,-'LBO Inputs'!$D$10,0)+IF($C24=I$6,I$14,0) -> 0 | J24: =IF($C24='LBO Inputs'!$D$6,-'LBO Inputs'!$D$10,0)+IF($C24=J$6,J$14,0) -> 15448.117
B25: XIRR (dated cash flows) | F25: =XIRR(F18:F24,$C$18:$C$24) -> 0.30732097 | G25: =XIRR(G18:G24,$C$18:$C$24) -> 0.25900198 | H25: =XIRR(H18:H24,$C$18:$C$24) -> 0.22962205 | I25: =XIRR(I18:I24,$C$18:$C$24) -> 0.21071793 | J25: =XIRR(J18:J24,$C$18:$C$24) -> 0.19653367
B26: MOIC | F26: =SUMIF(F18:F24,">0")/-SUMIF(F18:F24,"<0") -> 1.5019169 | G26: =SUMIF(G18:G24,">0")/-SUMIF(G18:G24,"<0") -> 1.7869869 | H26: =SUMIF(H18:H24,">0")/-SUMIF(H18:H24,"<0") -> 2.0703576 | I26: =SUMIF(I18:I24,">0")/-SUMIF(I18:I24,"<0") -> 2.3735575 | J26: =SUMIF(J18:J24,">0")/-SUMIF(J18:J24,"<0") -> 2.692702
B27: IRR, LBO convention: MOIC^(1 / years from close) – 1 | F27: =F26^(1/F7)-1 -> 0.30732097 | G27: =G26^(1/G7)-1 -> 0.25926681 | H27: =H26^(1/H7)-1 -> 0.22979615 | I27: =I26^(1/I7)-1 -> 0.21084479 | J27: =J26^(1/J7)-1 -> 0.19663171
B28: IRR(), annual periods (close–FY2026E stub counted as a full year) | F28: =IRR(F18:F24) -> 0.22552719 | G28: =IRR(G18:G24) -> 0.21350188 | H28: =IRR(H18:H24) -> 0.19953063 | I28: =IRR(I18:I24) -> 0.18872104 | J28: =IRR(J18:J24) -> 0.17950028
B29: XIRR less IRR() (bps) | F29: =(F25-F28)*10000 -> 817.93784 | G29: =(G25-G28)*10000 -> 455.00094 | H29: =(H25-H28)*10000 -> 300.91419 | I29: =(I25-I28)*10000 -> 219.96893 | J29: =(J25-J28)*10000 -> 170.33395
B30: XIRR less LBO convention (bps) | F30: =(F25-F27)*10000 -> 4.3743178e-05 | G30: =(G25-G27)*10000 -> -2.6483874 | H30: =(H25-H27)*10000 -> -1.7410099 | I30: =(I25-I27)*10000 -> -1.2685754 | J30: =(J25-J27)*10000 -> -0.98037495
B32: Unlevered cash flows by exit year (dated; deferred awards paid within SBC as cash)
C33: Date | D33: Unlevered FCF | F33: =F$6 -> 46752 | G33: =G$6 -> 47118 | H33: =H$6 -> 47483 | I33: =I$6 -> 47848 | J33: =J$6 -> 48213
B34: (–) TEV less deferred awards, plus merger costs, at close | C34: ='LBO Inputs'!$D$6 -> 46198 | F34: =-('LBO Inputs'!$D$7-'LBO Inputs'!$D$14+'LBO Inputs'!$D$8) -> -8308.032 | G34: =-('LBO Inputs'!$D$7-'LBO Inputs'!$D$14+'LBO Inputs'!$D$8) -> -8308.032 | H34: =-('LBO Inputs'!$D$7-'LBO Inputs'!$D$14+'LBO Inputs'!$D$8) -> -8308.032 | I34: =-('LBO Inputs'!$D$7-'LBO Inputs'!$D$14+'LBO Inputs'!$D$8) -> -8308.032 | J34: =-('LBO Inputs'!$D$7-'LBO Inputs'!$D$14+'LBO Inputs'!$D$8) -> -8308.032
B35: (+) FCF, FY2026E (from close) and exit EV in exit year | C35: ='LBO Inputs'!$E$19 -> 46387 | D35: ='LBO Inputs'!E22+'LBO Inputs'!E15 -> 89.170614 | F35: =IF($C35<=F$6,$D35,0)+IF($C35=F$6,F$12-'LBO Inputs'!F$16,0) -> 89.170614 | G35: =IF($C35<=G$6,$D35,0)+IF($C35=G$6,G$12-'LBO Inputs'!G$16,0) -> 89.170614 | H35: =IF($C35<=H$6,$D35,0)+IF($C35=H$6,H$12-'LBO Inputs'!H$16,0) -> 89.170614 | I35: =IF($C35<=I$6,$D35,0)+IF($C35=I$6,I$12-'LBO Inputs'!I$16,0) -> 89.170614 | J35: =IF($C35<=J$6,$D35,0)+IF($C35=J$6,J$12-'LBO Inputs'!J$16,0) -> 89.170614
B36: (+) FCF, FY2027E and exit EV in exit year | C36: ='LBO Inputs'!$F$19 -> 46752 | D36: ='LBO Inputs'!F22+'LBO Inputs'!F15 -> 227.10955 | F36: =IF($C36<=F$6,$D36,0)+IF($C36=F$6,F$12-'LBO Inputs'!F$16,0) -> 11497.827 | G36: =IF($C36<=G$6,$D36,0)+IF($C36=G$6,G$12-'LBO Inputs'!G$16,0) -> 227.10955 | H36: =IF($C36<=H$6,$D36,0)+IF($C36=H$6,H$12-'LBO Inputs'!H$16,0) -> 227.10955 | I36: =IF($C36<=I$6,$D36,0)+IF($C36=I$6,I$12-'LBO Inputs'!I$16,0) -> 227.10955 | J36: =IF($C36<=J$6,$D36,0)+IF($C36=J$6,J$12-'LBO Inputs'!J$16,0) -> 227.10955
B37: (+) FCF, FY2028E and exit EV in exit year | C37: ='LBO Inputs'!$G$19 -> 47118 | D37: ='LBO Inputs'!G22+'LBO Inputs'!G15 -> 270.92516 | F37: =IF($C37<=F$6,$D37,0)+IF($C37=F$6,F$12-'LBO Inputs'!F$16,0) -> 0 | G37: =IF($C37<=G$6,$D37,0)+IF($C37=G$6,G$12-'LBO Inputs'!G$16,0) -> 13122.738 | H37: =IF($C37<=H$6,$D37,0)+IF($C37=H$6,H$12-'LBO Inputs'!H$16,0) -> 270.92516 | I37: =IF($C37<=I$6,$D37,0)+IF($C37=I$6,I$12-'LBO Inputs'!I$16,0) -> 270.92516 | J37: =IF($C37<=J$6,$D37,0)+IF($C37=J$6,J$12-'LBO Inputs'!J$16,0) -> 270.92516
B38: (+) FCF, FY2029E and exit EV in exit year | C38: ='LBO Inputs'!$H$19 -> 47483 | D38: ='LBO Inputs'!H22+'LBO Inputs'!H15 -> 318.25226 | F38: =IF($C38<=F$6,$D38,0)+IF($C38=F$6,F$12-'LBO Inputs'!F$16,0) -> 0 | G38: =IF($C38<=G$6,$D38,0)+IF($C38=G$6,G$12-'LBO Inputs'!G$16,0) -> 0 | H38: =IF($C38<=H$6,$D38,0)+IF($C38=H$6,H$12-'LBO Inputs'!H$16,0) -> 14679.252 | I38: =IF($C38<=I$6,$D38,0)+IF($C38=I$6,I$12-'LBO Inputs'!I$16,0) -> 318.25226 | J38: =IF($C38<=J$6,$D38,0)+IF($C38=J$6,J$12-'LBO Inputs'!J$16,0) -> 318.25226
B39: (+) FCF, FY2030E and exit EV in exit year | C39: ='LBO Inputs'!$I$19 -> 47848 | D39: ='LBO Inputs'!I22+'LBO Inputs'!I15 -> 363.96907 | F39: =IF($C39<=F$6,$D39,0)+IF($C39=F$6,F$12-'LBO Inputs'!F$16,0) -> 0 | G39: =IF($C39<=G$6,$D39,0)+IF($C39=G$6,G$12-'LBO Inputs'!G$16,0) -> 0 | H39: =IF($C39<=H$6,$D39,0)+IF($C39=H$6,H$12-'LBO Inputs'!H$16,0) -> 0 | I39: =IF($C39<=I$6,$D39,0)+IF($C39=I$6,I$12-'LBO Inputs'!I$16,0) -> 16290.918 | J39: =IF($C39<=J$6,$D39,0)+IF($C39=J$6,J$12-'LBO Inputs'!J$16,0) -> 363.96907
B40: (+) FCF, FY2031E and exit EV in exit year | C40: ='LBO Inputs'!$J$19 -> 48213 | D40: ='LBO Inputs'!J22+'LBO Inputs'!J15 -> 412.67992 | F40: =IF($C40<=F$6,$D40,0)+IF($C40=F$6,F$12-'LBO Inputs'!F$16,0) -> 0 | G40: =IF($C40<=G$6,$D40,0)+IF($C40=G$6,G$12-'LBO Inputs'!G$16,0) -> 0 | H40: =IF($C40<=H$6,$D40,0)+IF($C40=H$6,H$12-'LBO Inputs'!H$16,0) -> 0 | I40: =IF($C40<=I$6,$D40,0)+IF($C40=I$6,I$12-'LBO Inputs'!I$16,0) -> 0 | J40: =IF($C40<=J$6,$D40,0)+IF($C40=J$6,J$12-'LBO Inputs'!J$16,0) -> 17932.323
B41: Unlevered XIRR | F41: =XIRR(F34:F40,$C$34:$C$40) -> 0.24660143 | G41: =XIRR(G34:G40,$C$34:$C$40) -> 0.21346498 | H41: =XIRR(H34:H40,$C$34:$C$40) -> 0.19330584 | I41: =XIRR(I34:I40,$C$34:$C$40) -> 0.18051246 | J41: =XIRR(J34:J40,$C$34:$C$40) -> 0.17093307
B42: Unlevered MOIC | F42: =SUMIF(F34:F40,">0")/-SUMIF(F34:F40,"<0") -> 1.3946742 | G42: =SUMIF(G34:G40,">0")/-SUMIF(G34:G40,"<0") -> 1.6175934 | H42: =SUMIF(H34:H40,">0")/-SUMIF(H34:H40,"<0") -> 1.837554 | I42: =SUMIF(I34:I40,">0")/-SUMIF(I34:I40,"<0") -> 2.0698494 | J42: =SUMIF(J34:J40,">0")/-SUMIF(J34:J40,"<0") -> 2.3112273
B43: Levered XIRR (sponsor equity) | F43: =F25 -> 0.30732097 | G43: =G25 -> 0.25900198 | H43: =H25 -> 0.22962205 | I43: =I25 -> 0.21071793 | J43: =J25 -> 0.19653367
B44: Leverage effect: levered less unlevered (bps) | F44: =(F43-F41)*10000 -> 607.19538 | G44: =(G43-G41)*10000 -> 455.36995 | H44: =(H43-H41)*10000 -> 363.16204 | I44: =(I43-I41)*10000 -> 302.05476 | J44: =(J43-J41)*10000 -> 256.006
B46: Returns by exit year
B47: Exit at fiscal year-end | F47: =F$6 -> 46752 | G47: =G$6 -> 47118 | H47: =H$6 -> 47483 | I47: =I$6 -> 47848 | J47: =J$6 -> 48213
B48: Hold period (years) | F48: =F7 -> 1.5178082 | G48: =G7 -> 2.5182482 | H48: =H7 -> 3.5181383 | I48: =I7 -> 4.5180723 | J48: =J7 -> 5.5180283
B49: Exit equity value ($m) | F49: =F14 -> 8616.5452 | G49: =G14 -> 10252.001 | H49: =H14 -> 11877.708 | I49: =I14 -> 13617.175 | J49: =J14 -> 15448.117
B50: MOIC | F50: =F26 -> 1.5019169 | G50: =G26 -> 1.7869869 | H50: =H26 -> 2.0703576 | I50: =I26 -> 2.3735575 | J50: =J26 -> 2.692702
B51: XIRR | F51: =F25 -> 0.30732097 | G51: =G25 -> 0.25900198 | H51: =H25 -> 0.22962205 | I51: =I25 -> 0.21071793 | J51: =J25 -> 0.19653367
B52: Value added in the year | F52: =F14-'LBO Inputs'!$D$10 -> 2879.5132 | G52: =G14-F14 -> 1635.4557 | H52: =H14-G14 -> 1625.707 | I52: =I14-H14 -> 1739.4672 | J52: =J14-I14 -> 1830.9422
B53: Marginal IRR of holding one more year | F53: =(F14/'LBO Inputs'!$D$10)^(Assumptions!$D$24/(F6-'LBO Inputs'!$D$6))-1 -> 0.30732097 | G53: =(G14/F14)^(Assumptions!$D$24/(G6-F6))-1 -> 0.18923928 | H53: =(H14/G14)^(Assumptions!$D$24/(H6-G6))-1 -> 0.1585746 | I53: =(I14/H14)^(Assumptions!$D$24/(I6-H6))-1 -> 0.14644806 | J53: =(J14/I14)^(Assumptions!$D$24/(J6-I6))-1 -> 0.1344583
B55: Tie-out to LBO model
B56: LBO exit equity value | F56: ='LBO Inputs'!F25 -> 8616.5452 | G56: ='LBO Inputs'!G25 -> 10252.001 | H56: ='LBO Inputs'!H25 -> 11877.708 | I56: ='LBO Inputs'!I25 -> 13617.175
B57: Difference | F57: =F14-F56 -> 0 | G57: =G14-G56 -> 0 | H57: =H14-H56 -> 0 | I57: =I14-I56 -> 0
B58: LBO MOIC | F58: ='LBO Inputs'!F26 -> 1.5019169 | G58: ='LBO Inputs'!G26 -> 1.7869869 | H58: ='LBO Inputs'!H26 -> 2.0703576 | I58: ='LBO Inputs'!I26 -> 2.3735575
B59: Difference (x) | F59: =F26-F58 -> 0 | G59: =G26-G58 -> -2.220446e-15 | H59: =H26-H58 -> 0 | I59: =I26-I58 -> 0
B60: LBO IRR (LBO convention) | F60: ='LBO Inputs'!F27 -> 0.30732097 | G60: ='LBO Inputs'!G27 -> 0.25926681 | H60: ='LBO Inputs'!H27 -> 0.22979615 | I60: ='LBO Inputs'!I27 -> 0.21084479
B61: Difference vs. IRR, LBO convention (bps) | F61: =(F27-F60)*10000 -> 0 | G61: =(G27-G60)*10000 -> -6.6613381e-12 | H61: =(H27-H60)*10000 -> 2.220446e-12 | I61: =(I27-I60)*10000 -> 0
B62: LBO XIRR, FY2030 exit | I62: ='LBO Inputs'!I28 -> 0.21071793
B63: Difference vs. XIRR (bps) | I63: =(I25-I62)*10000 -> 0
B66: Management Case: Exit Build
B67: Exit at fiscal year-end | F67: ='LBO Inputs'!F19 -> 46752 | G67: ='LBO Inputs'!G19 -> 47118 | H67: ='LBO Inputs'!H19 -> 47483 | I67: ='LBO Inputs'!I19 -> 47848 | J67: ='LBO Inputs'!J19 -> 48213
B68: Years from close | F68: =YEARFRAC('LBO Inputs'!$D$6,F$67,1) -> 1.5178082 | G68: =YEARFRAC('LBO Inputs'!$D$6,G$67,1) -> 2.5182482 | H68: =YEARFRAC('LBO Inputs'!$D$6,H$67,1) -> 3.5181383 | I68: =YEARFRAC('LBO Inputs'!$D$6,I$67,1) -> 4.5180723 | J68: =YEARFRAC('LBO Inputs'!$D$6,J$67,1) -> 5.5180283
B69: NTM revenue (next fiscal year) | F69: ='LBO Inputs'!G33 -> 1300.4324 | G69: ='LBO Inputs'!H33 -> 1533.8691 | H69: ='LBO Inputs'!I33 -> 1810.3863 | I69: ='LBO Inputs'!J33 -> 2100.0481 | J69: ='LBO Inputs'!J33*('LBO Inputs'!J33/'LBO Inputs'!I33+Assumptions!$D$8) -> 2436.0558
B70: NTM Adj. EBITDA margin | F70: ='LBO Inputs'!G34/'LBO Inputs'!G33 -> 0.3990755 | G70: ='LBO Inputs'!H34/'LBO Inputs'!H33 -> 0.41410843 | H70: ='LBO Inputs'!I34/'LBO Inputs'!I33 -> 0.42224682 | I70: ='LBO Inputs'!J34/'LBO Inputs'!J33 -> 0.427 | J70: ='LBO Inputs'!J34/'LBO Inputs'!J33+Assumptions!$D$9 -> 0.427
B71: NTM Adj. EBITDA (pre-SBC) | F71: ='LBO Inputs'!G34 -> 518.97072 | G71: ='LBO Inputs'!H34 -> 635.1881 | H71: ='LBO Inputs'!I34 -> 764.42984 | I71: ='LBO Inputs'!J34 -> 896.72053 | J71: =J69*J70 -> 1040.1958
B72: (×) Exit NTM multiple | F72: ='LBO Inputs'!$D$37+Assumptions!$D$7 -> 24.751719 | G72: ='LBO Inputs'!$D$37+Assumptions!$D$7 -> 24.751719 | H72: ='LBO Inputs'!$D$37+Assumptions!$D$7 -> 24.751719 | I72: ='LBO Inputs'!$D$37+Assumptions!$D$7 -> 24.751719 | J72: ='LBO Inputs'!$D$37+Assumptions!$D$7 -> 24.751719
B73: Exit enterprise value ($m) | F73: =F71*F72 -> 12845.418 | G73: =G71*G72 -> 15721.998 | H73: =H71*H72 -> 18920.953 | I73: =I71*I72 -> 22195.375 | J73: =J71*J72 -> 25746.635
B74: (–) Net debt and unpaid deferred awards (net of tax) at exit | F74: =-'LBO Inputs'!F36-'LBO Inputs'!F16 -> -2689.1248 | G74: =-'LBO Inputs'!G36-'LBO Inputs'!G16 -> -2496.6535 | H74: =-'LBO Inputs'!H36-'LBO Inputs'!H16 -> -2197.9229 | I74: =-'LBO Inputs'!I36-'LBO Inputs'!I16 -> -1776.545 | J74: =-'LBO Inputs'!J36-'LBO Inputs'!J16 -> -1194.0787
B75: Exit equity value ($m) | F75: =F73+F74 -> 10156.293 | G75: =G73+G74 -> 13225.344 | H75: =H73+H74 -> 16723.03 | I75: =I73+I74 -> 20418.83 | J75: =J73+J74 -> 24552.556
B77: Sponsor equity cash flows by exit year (dated; before incentive pool)
C78: Date | F78: =F$67 -> 46752 | G78: =G$67 -> 47118 | H78: =H$67 -> 47483 | I78: =I$67 -> 47848 | J78: =J$67 -> 48213
B79: (–) Sponsor equity invested at close | C79: ='LBO Inputs'!$D$6 -> 46198 | F79: =IF($C79='LBO Inputs'!$D$6,-'LBO Inputs'!$D$10,0)+IF($C79=F$67,F$75,0) -> -5737.032 | G79: =IF($C79='LBO Inputs'!$D$6,-'LBO Inputs'!$D$10,0)+IF($C79=G$67,G$75,0) -> -5737.032 | H79: =IF($C79='LBO Inputs'!$D$6,-'LBO Inputs'!$D$10,0)+IF($C79=H$67,H$75,0) -> -5737.032 | I79: =IF($C79='LBO Inputs'!$D$6,-'LBO Inputs'!$D$10,0)+IF($C79=I$67,I$75,0) -> -5737.032 | J79: =IF($C79='LBO Inputs'!$D$6,-'LBO Inputs'!$D$10,0)+IF($C79=J$67,J$75,0) -> -5737.032
B80: (+) Exit proceeds: FY2026E year-end | C80: ='LBO Inputs'!$E$19 -> 46387 | F80: =IF($C80='LBO Inputs'!$D$6,-'LBO Inputs'!$D$10,0)+IF($C80=F$67,F$75,0) -> 0 | G80: =IF($C80='LBO Inputs'!$D$6,-'LBO Inputs'!$D$10,0)+IF($C80=G$67,G$75,0) -> 0 | H80: =IF($C80='LBO Inputs'!$D$6,-'LBO Inputs'!$D$10,0)+IF($C80=H$67,H$75,0) -> 0 | I80: =IF($C80='LBO Inputs'!$D$6,-'LBO Inputs'!$D$10,0)+IF($C80=I$67,I$75,0) -> 0 | J80: =IF($C80='LBO Inputs'!$D$6,-'LBO Inputs'!$D$10,0)+IF($C80=J$67,J$75,0) -> 0
B81: (+) Exit proceeds: FY2027E year-end | C81: ='LBO Inputs'!$F$19 -> 46752 | F81: =IF($C81='LBO Inputs'!$D$6,-'LBO Inputs'!$D$10,0)+IF($C81=F$67,F$75,0) -> 10156.293 | G81: =IF($C81='LBO Inputs'!$D$6,-'LBO Inputs'!$D$10,0)+IF($C81=G$67,G$75,0) -> 0 | H81: =IF($C81='LBO Inputs'!$D$6,-'LBO Inputs'!$D$10,0)+IF($C81=H$67,H$75,0) -> 0 | I81: =IF($C81='LBO Inputs'!$D$6,-'LBO Inputs'!$D$10,0)+IF($C81=I$67,I$75,0) -> 0 | J81: =IF($C81='LBO Inputs'!$D$6,-'LBO Inputs'!$D$10,0)+IF($C81=J$67,J$75,0) -> 0
B82: (+) Exit proceeds: FY2028E year-end | C82: ='LBO Inputs'!$G$19 -> 47118 | F82: =IF($C82='LBO Inputs'!$D$6,-'LBO Inputs'!$D$10,0)+IF($C82=F$67,F$75,0) -> 0 | G82: =IF($C82='LBO Inputs'!$D$6,-'LBO Inputs'!$D$10,0)+IF($C82=G$67,G$75,0) -> 13225.344 | H82: =IF($C82='LBO Inputs'!$D$6,-'LBO Inputs'!$D$10,0)+IF($C82=H$67,H$75,0) -> 0 | I82: =IF($C82='LBO Inputs'!$D$6,-'LBO Inputs'!$D$10,0)+IF($C82=I$67,I$75,0) -> 0 | J82: =IF($C82='LBO Inputs'!$D$6,-'LBO Inputs'!$D$10,0)+IF($C82=J$67,J$75,0) -> 0
B83: (+) Exit proceeds: FY2029E year-end | C83: ='LBO Inputs'!$H$19 -> 47483 | F83: =IF($C83='LBO Inputs'!$D$6,-'LBO Inputs'!$D$10,0)+IF($C83=F$67,F$75,0) -> 0 | G83: =IF($C83='LBO Inputs'!$D$6,-'LBO Inputs'!$D$10,0)+IF($C83=G$67,G$75,0) -> 0 | H83: =IF($C83='LBO Inputs'!$D$6,-'LBO Inputs'!$D$10,0)+IF($C83=H$67,H$75,0) -> 16723.03 | I83: =IF($C83='LBO Inputs'!$D$6,-'LBO Inputs'!$D$10,0)+IF($C83=I$67,I$75,0) -> 0 | J83: =IF($C83='LBO Inputs'!$D$6,-'LBO Inputs'!$D$10,0)+IF($C83=J$67,J$75,0) -> 0
B84: (+) Exit proceeds: FY2030E year-end | C84: ='LBO Inputs'!$I$19 -> 47848 | F84: =IF($C84='LBO Inputs'!$D$6,-'LBO Inputs'!$D$10,0)+IF($C84=F$67,F$75,0) -> 0 | G84: =IF($C84='LBO Inputs'!$D$6,-'LBO Inputs'!$D$10,0)+IF($C84=G$67,G$75,0) -> 0 | H84: =IF($C84='LBO Inputs'!$D$6,-'LBO Inputs'!$D$10,0)+IF($C84=H$67,H$75,0) -> 0 | I84: =IF($C84='LBO Inputs'!$D$6,-'LBO Inputs'!$D$10,0)+IF($C84=I$67,I$75,0) -> 20418.83 | J84: =IF($C84='LBO Inputs'!$D$6,-'LBO Inputs'!$D$10,0)+IF($C84=J$67,J$75,0) -> 0
B85: (+) Exit proceeds: FY2031E year-end | C85: ='LBO Inputs'!$J$19 -> 48213 | F85: =IF($C85='LBO Inputs'!$D$6,-'LBO Inputs'!$D$10,0)+IF($C85=F$67,F$75,0) -> 0 | G85: =IF($C85='LBO Inputs'!$D$6,-'LBO Inputs'!$D$10,0)+IF($C85=G$67,G$75,0) -> 0 | H85: =IF($C85='LBO Inputs'!$D$6,-'LBO Inputs'!$D$10,0)+IF($C85=H$67,H$75,0) -> 0 | I85: =IF($C85='LBO Inputs'!$D$6,-'LBO Inputs'!$D$10,0)+IF($C85=I$67,I$75,0) -> 0 | J85: =IF($C85='LBO Inputs'!$D$6,-'LBO Inputs'!$D$10,0)+IF($C85=J$67,J$75,0) -> 24552.556
B86: XIRR (dated cash flows) | F86: =XIRR(F79:F85,$C$79:$C$85) -> 0.45688438 | G86: =XIRR(G79:G85,$C$79:$C$85) -> 0.39285242 | H86: =XIRR(H79:H85,$C$79:$C$85) -> 0.35511439 | I86: =XIRR(I79:I85,$C$79:$C$85) -> 0.3242314 | J86: =XIRR(J79:J85,$C$79:$C$85) -> 0.30129097
B87: MOIC | F87: =SUMIF(F79:F85,">0")/-SUMIF(F79:F85,"<0") -> 1.7703044 | G87: =SUMIF(G79:G85,">0")/-SUMIF(G79:G85,"<0") -> 2.3052589 | H87: =SUMIF(H79:H85,">0")/-SUMIF(H79:H85,"<0") -> 2.9149271 | I87: =SUMIF(I79:I85,">0")/-SUMIF(I79:I85,"<0") -> 3.5591278 | J87: =SUMIF(J79:J85,">0")/-SUMIF(J79:J85,"<0") -> 4.2796617
B88: IRR, LBO convention: MOIC^(1 / years from close) – 1 | F88: =F87^(1/F68)-1 -> 0.45688438 | G88: =G87^(1/G68)-1 -> 0.39327396 | H88: =H87^(1/H68)-1 -> 0.35539648 | I88: =I87^(1/I68)-1 -> 0.32443519 | J88: =J87^(1/J68)-1 -> 0.30144746
B89: IRR(), annual periods (close–FY2026E stub counted as a full year) | F89: =IRR(F79:F85) -> 0.33052785 | G89: =IRR(G79:G85) -> 0.32101141 | H89: =IRR(H79:H85) -> 0.30664293 | I89: =IRR(I79:I85) -> 0.28904689 | J89: =IRR(J79:J85) -> 0.2741921
B90: XIRR less IRR() (bps) | F90: =(F86-F89)*10000 -> 1263.5653 | G90: =(G86-G89)*10000 -> 718.41009 | H90: =(H86-H89)*10000 -> 484.71462 | I90: =(I86-I89)*10000 -> 351.84514 | J90: =(J86-J89)*10000 -> 270.98875
B91: XIRR less LBO convention (bps) | F91: =(F86-F88)*10000 -> 2.7098279e-05 | G91: =(G86-G88)*10000 -> -4.2154384 | H91: =(H86-H88)*10000 -> -2.8208953 | I91: =(I86-I88)*10000 -> -2.0378693 | J91: =(J86-J88)*10000 -> -1.5649014
B93: Unlevered cash flows by exit year (dated; deferred awards paid within SBC as cash)
C94: Date | D94: Unlevered FCF | F94: =F$67 -> 46752 | G94: =G$67 -> 47118 | H94: =H$67 -> 47483 | I94: =I$67 -> 47848 | J94: =J$67 -> 48213
B95: (–) TEV less deferred awards, plus merger costs, at close | C95: ='LBO Inputs'!$D$6 -> 46198 | F95: =-('LBO Inputs'!$D$7-'LBO Inputs'!$D$14+'LBO Inputs'!$D$8) -> -8308.032 | G95: =-('LBO Inputs'!$D$7-'LBO Inputs'!$D$14+'LBO Inputs'!$D$8) -> -8308.032 | H95: =-('LBO Inputs'!$D$7-'LBO Inputs'!$D$14+'LBO Inputs'!$D$8) -> -8308.032 | I95: =-('LBO Inputs'!$D$7-'LBO Inputs'!$D$14+'LBO Inputs'!$D$8) -> -8308.032 | J95: =-('LBO Inputs'!$D$7-'LBO Inputs'!$D$14+'LBO Inputs'!$D$8) -> -8308.032
B96: (+) FCF, FY2026E (from close) and exit EV in exit year | C96: ='LBO Inputs'!$E$19 -> 46387 | D96: ='LBO Inputs'!E35+'LBO Inputs'!E15 -> 92.929947 | F96: =IF($C96<=F$67,$D96,0)+IF($C96=F$67,F$73-'LBO Inputs'!F$16,0) -> 92.929947 | G96: =IF($C96<=G$67,$D96,0)+IF($C96=G$67,G$73-'LBO Inputs'!G$16,0) -> 92.929947 | H96: =IF($C96<=H$67,$D96,0)+IF($C96=H$67,H$73-'LBO Inputs'!H$16,0) -> 92.929947 | I96: =IF($C96<=I$67,$D96,0)+IF($C96=I$67,I$73-'LBO Inputs'!I$16,0) -> 92.929947 | J96: =IF($C96<=J$67,$D96,0)+IF($C96=J$67,J$73-'LBO Inputs'!J$16,0) -> 92.929947
B97: (+) FCF, FY2027E and exit EV in exit year | C97: ='LBO Inputs'!$F$19 -> 46752 | D97: ='LBO Inputs'!F35+'LBO Inputs'!F15 -> 260.09338 | F97: =IF($C97<=F$67,$D97,0)+IF($C97=F$67,F$73-'LBO Inputs'!F$16,0) -> 13032.122 | G97: =IF($C97<=G$67,$D97,0)+IF($C97=G$67,G$73-'LBO Inputs'!G$16,0) -> 260.09338 | H97: =IF($C97<=H$67,$D97,0)+IF($C97=H$67,H$73-'LBO Inputs'!H$16,0) -> 260.09338 | I97: =IF($C97<=I$67,$D97,0)+IF($C97=I$67,I$73-'LBO Inputs'!I$16,0) -> 260.09338 | J97: =IF($C97<=J$67,$D97,0)+IF($C97=J$67,J$73-'LBO Inputs'!J$16,0) -> 260.09338
B98: (+) FCF, FY2028E and exit EV in exit year | C98: ='LBO Inputs'!$G$19 -> 47118 | D98: ='LBO Inputs'!G35+'LBO Inputs'!G15 -> 352.94338 | F98: =IF($C98<=F$67,$D98,0)+IF($C98=F$67,F$73-'LBO Inputs'!F$16,0) -> 0 | G98: =IF($C98<=G$67,$D98,0)+IF($C98=G$67,G$73-'LBO Inputs'!G$16,0) -> 16051.11 | H98: =IF($C98<=H$67,$D98,0)+IF($C98=H$67,H$73-'LBO Inputs'!H$16,0) -> 352.94338 | I98: =IF($C98<=I$67,$D98,0)+IF($C98=I$67,I$73-'LBO Inputs'!I$16,0) -> 352.94338 | J98: =IF($C98<=J$67,$D98,0)+IF($C98=J$67,J$73-'LBO Inputs'!J$16,0) -> 352.94338
B99: (+) FCF, FY2029E and exit EV in exit year | C99: ='LBO Inputs'!$H$19 -> 47483 | D99: ='LBO Inputs'!H35+'LBO Inputs'!H15 -> 460.59154 | F99: =IF($C99<=F$67,$D99,0)+IF($C99=F$67,F$73-'LBO Inputs'!F$16,0) -> 0 | G99: =IF($C99<=G$67,$D99,0)+IF($C99=G$67,G$73-'LBO Inputs'!G$16,0) -> 0 | H99: =IF($C99<=H$67,$D99,0)+IF($C99=H$67,H$73-'LBO Inputs'!H$16,0) -> 19381.544 | I99: =IF($C99<=I$67,$D99,0)+IF($C99=I$67,I$73-'LBO Inputs'!I$16,0) -> 460.59154 | J99: =IF($C99<=J$67,$D99,0)+IF($C99=J$67,J$73-'LBO Inputs'!J$16,0) -> 460.59154
B100: (+) FCF, FY2030E and exit EV in exit year | C100: ='LBO Inputs'!$I$19 -> 47848 | D100: ='LBO Inputs'!I35+'LBO Inputs'!I15 -> 579.98473 | F100: =IF($C100<=F$67,$D100,0)+IF($C100=F$67,F$73-'LBO Inputs'!F$16,0) -> 0 | G100: =IF($C100<=G$67,$D100,0)+IF($C100=G$67,G$73-'LBO Inputs'!G$16,0) -> 0 | H100: =IF($C100<=H$67,$D100,0)+IF($C100=H$67,H$73-'LBO Inputs'!H$16,0) -> 0 | I100: =IF($C100<=I$67,$D100,0)+IF($C100=I$67,I$73-'LBO Inputs'!I$16,0) -> 22775.359 | J100: =IF($C100<=J$67,$D100,0)+IF($C100=J$67,J$73-'LBO Inputs'!J$16,0) -> 579.98473
B101: (+) FCF, FY2031E and exit EV in exit year | C101: ='LBO Inputs'!$J$19 -> 48213 | D101: ='LBO Inputs'!J35+'LBO Inputs'!J15 -> 702.02363 | F101: =IF($C101<=F$67,$D101,0)+IF($C101=F$67,F$73-'LBO Inputs'!F$16,0) -> 0 | G101: =IF($C101<=G$67,$D101,0)+IF($C101=G$67,G$73-'LBO Inputs'!G$16,0) -> 0 | H101: =IF($C101<=H$67,$D101,0)+IF($C101=H$67,H$73-'LBO Inputs'!H$16,0) -> 0 | I101: =IF($C101<=I$67,$D101,0)+IF($C101=I$67,I$73-'LBO Inputs'!I$16,0) -> 0 | J101: =IF($C101<=J$67,$D101,0)+IF($C101=J$67,J$73-'LBO Inputs'!J$16,0) -> 26448.658
B102: Unlevered XIRR | F102: =XIRR(F95:F101,$C$95:$C$101) -> 0.35383084 | G102: =XIRR(G95:G101,$C$95:$C$101) -> 0.31457544 | H102: =XIRR(H95:H101,$C$95:$C$101) -> 0.29197341 | I102: =XIRR(I95:I101,$C$95:$C$101) -> 0.27271437 | J102: =XIRR(J95:J101,$C$95:$C$101) -> 0.25846241
B103: Unlevered MOIC | F103: =SUMIF(F95:F101,">0")/-SUMIF(F95:F101,"<0") -> 1.5798028 | G103: =SUMIF(G95:G101,">0")/-SUMIF(G95:G101,"<0") -> 1.9744909 | H103: =SUMIF(H95:H101,">0")/-SUMIF(H95:H101,"<0") -> 2.4178423 | I103: =SUMIF(I95:I101,">0")/-SUMIF(I95:I101,"<0") -> 2.8817797 | J103: =SUMIF(J95:J101,">0")/-SUMIF(J95:J101,"<0") -> 3.3937281
B104: Levered XIRR (sponsor equity) | F104: =F86 -> 0.45688438 | G104: =G86 -> 0.39285242 | H104: =H86 -> 0.35511439 | I104: =I86 -> 0.3242314 | J104: =J86 -> 0.30129097
B105: Leverage effect: levered less unlevered (bps) | F105: =(F104-F102)*10000 -> 1030.5353 | G105: =(G104-G102)*10000 -> 782.7698 | H105: =(H104-H102)*10000 -> 631.40988 | I105: =(I104-I102)*10000 -> 515.17034 | J105: =(J104-J102)*10000 -> 428.2856
B107: Returns by exit year
B108: Exit at fiscal year-end | F108: =F$67 -> 46752 | G108: =G$67 -> 47118 | H108: =H$67 -> 47483 | I108: =I$67 -> 47848 | J108: =J$67 -> 48213
B109: Hold period (years) | F109: =F68 -> 1.5178082 | G109: =G68 -> 2.5182482 | H109: =H68 -> 3.5181383 | I109: =I68 -> 4.5180723 | J109: =J68 -> 5.5180283
B110: Exit equity value ($m) | F110: =F75 -> 10156.293 | G110: =G75 -> 13225.344 | H110: =H75 -> 16723.03 | I110: =I75 -> 20418.83 | J110: =J75 -> 24552.556
B111: MOIC | F111: =F87 -> 1.7703044 | G111: =G87 -> 2.3052589 | H111: =H87 -> 2.9149271 | I111: =I87 -> 3.5591278 | J111: =J87 -> 4.2796617
...

Sheet Equity Funding
B2: Equity Funding, Incentive Pool and Proceeds by Investor
B3: ($ in millions)
B5: Equity Commitment Letters vs. Equity Funded at Close
B6: Investor | D6: Commitment | E6: % of total | F6: Funded at close | G6: Reduction | H6: Funded (LBO) | I6: Difference
B7: Permira | D7: 2577.4849 | E7: =D7/$D$11 -> 0.43649417 | F7: =E7*'LBO Inputs'!$D$10 -> 2504.181 | G7: =F7-D7 -> -73.303878 | H7: 2504.181 | I7: =F7-H7 -> 0 | K7: << Reduction from commitments to funded equity split pro rata to commitments (assumption; the letters leave the split to the manner agreed among the investors)
B8: Warburg Pincus | D8: 1827.4849 | E8: =D8/$D$11 -> 0.30948251 | F8: =E8*'LBO Inputs'!$D$10 -> 1775.5111 | G8: =F8-D8 -> -51.973818 | H8: 1775.5111 | I8: =F8-H8 -> 0
B9: Francisco Partners | D9: 750 | E9: =D9/$D$11 -> 0.12701166 | F9: =E9*'LBO Inputs'!$D$10 -> 728.66994 | G9: =F9-D9 -> -21.33006 | H9: 728.66994 | I9: =F9-H9 -> 0
B10: Temasek (Robson) | D10: 750 | E10: =D10/$D$11 -> 0.12701166 | F10: =E10*'LBO Inputs'!$D$10 -> 728.66994 | G10: =F10-D10 -> -21.33006 | H10: 728.66994 | I10: =F10-H10 -> 0
B11: Total sponsor equity ($m) | D11: =SUM(D7:D10) -> 5904.9698 | E11: =SUM(E7:E10) -> 1 | F11: =SUM(F7:F10) -> 5737.032 | G11: =SUM(G7:G10) -> -167.93782 | H11: =SUM(H7:H10) -> 5737.032 | I11: =SUM(I7:I10) -> 0
B12: Memo: aggregate equity commitment per merger proxy | D12: 5904.9698
B13: Difference vs. sum of letters | D13: =D11-D12 -> 0
B14: Memo: equity funded per closing 8-K (approx.) | D14: ='LBO Inputs'!D13 -> 5700
B15: Modeled funded equity less 8-K figure | D15: =F11-D14 -> 37.031986
B16: Management rollover | D16: ='LBO Inputs'!D11 -> 0 | K16: << No rollover: executives' closing Form 4s show all Class A shares disposed at $24.55, nil held after
B17: CEO Class A shares held after closing (Form 4, 25-Jun-26) | D17: 0
B18: CFO Class A shares held after closing (Form 4, 25-Jun-26) | D18: 0
B21: Management Incentive Pool (Illustrative) and Sponsor Returns Before and After
B22: Outside-in case
B23: Exit at fiscal year-end | F23: ='Deal Returns'!F6 -> 46752 | G23: ='Deal Returns'!G6 -> 47118 | H23: ='Deal Returns'!H6 -> 47483 | I23: ='Deal Returns'!I6 -> 47848 | J23: ='Deal Returns'!J6 -> 48213
B24: Exit equity value | F24: ='Deal Returns'!F14 -> 8616.5452 | G24: ='Deal Returns'!G14 -> 10252.001 | H24: ='Deal Returns'!H14 -> 11877.708 | I24: ='Deal Returns'!I14 -> 13617.175 | J24: ='Deal Returns'!J14 -> 15448.117
B25: (–) Hurdle: sponsor equity invested × hurdle MOIC | F25: =-'LBO Inputs'!$D$10*Assumptions!$D$13 -> -5737.032 | G25: =-'LBO Inputs'!$D$10*Assumptions!$D$13 -> -5737.032 | H25: =-'LBO Inputs'!$D$10*Assumptions!$D$13 -> -5737.032 | I25: =-'LBO Inputs'!$D$10*Assumptions!$D$13 -> -5737.032 | J25: =-'LBO Inputs'!$D$10*Assumptions!$D$13 -> -5737.032
B26: Value above hurdle | F26: =MAX(0,F24+F25) -> 2879.5132 | G26: =MAX(0,G24+G25) -> 4514.9689 | H26: =MAX(0,H24+H25) -> 6140.6759 | I26: =MAX(0,I24+I25) -> 7880.1431 | J26: =MAX(0,J24+J25) -> 9711.0853
B27: (×) Pool, % of value above hurdle | F27: =Assumptions!$D$12 -> 0.08 | G27: =Assumptions!$D$12 -> 0.08 | H27: =Assumptions!$D$12 -> 0.08 | I27: =Assumptions!$D$12 -> 0.08 | J27: =Assumptions!$D$12 -> 0.08
B28: (×) Vested at exit | F28: =IF(Assumptions!$D$15=1,1,MIN(1,'Deal Returns'!F7/Assumptions!$D$14)) -> 1 | G28: =IF(Assumptions!$D$15=1,1,MIN(1,'Deal Returns'!G7/Assumptions!$D$14)) -> 1 | H28: =IF(Assumptions!$D$15=1,1,MIN(1,'Deal Returns'!H7/Assumptions!$D$14)) -> 1 | I28: =IF(Assumptions!$D$15=1,1,MIN(1,'Deal Returns'!I7/Assumptions!$D$14)) -> 1 | J28: =IF(Assumptions!$D$15=1,1,MIN(1,'Deal Returns'!J7/Assumptions!$D$14)) -> 1
B29: (–) Management incentive pool | F29: =-F26*F27*F28 -> -230.36106 | G29: =-G26*G27*G28 -> -361.19751 | H29: =-H26*H27*H28 -> -491.25407 | I29: =-I26*I27*I28 -> -630.41145 | J29: =-J26*J27*J28 -> -776.88683
B30: Sponsor proceeds after incentive pool ($m) | F30: =F24+F29 -> 8386.1841 | G30: =G24+G29 -> 9890.8034 | H30: =H24+H29 -> 11386.454 | I30: =I24+I29 -> 12986.764 | J30: =J24+J29 -> 14671.23
B31: Pool, % of exit equity value | F31: =-F29/F24 -> 0.026734736 | G31: =-G29/G24 -> 0.035231904 | H31: =-H29/H24 -> 0.041359333 | I31: =-I29/I24 -> 0.046295318 | J31: =-J29/J24 -> 0.050290065
B32: Sponsor MOIC, before pool | F32: ='Deal Returns'!F26 -> 1.5019169 | G32: ='Deal Returns'!G26 -> 1.7869869 | H32: ='Deal Returns'!H26 -> 2.0703576 | I32: ='Deal Returns'!I26 -> 2.3735575 | J32: ='Deal Returns'!J26 -> 2.692702
B33: Sponsor MOIC, after pool | F33: =SUMIF(F40:F46,">0")/-SUMIF(F40:F46,"<0") -> 1.4617635 | G33: =SUMIF(G40:G46,">0")/-SUMIF(G40:G46,"<0") -> 1.7240279 | H33: =SUMIF(H40:H46,">0")/-SUMIF(H40:H46,"<0") -> 1.984729 | I33: =SUMIF(I40:I46,">0")/-SUMIF(I40:I46,"<0") -> 2.2636729 | J33: =SUMIF(J40:J46,">0")/-SUMIF(J40:J46,"<0") -> 2.5572858
B34: Sponsor XIRR, before pool | F34: ='Deal Returns'!F25 -> 0.30732097 | G34: ='Deal Returns'!G25 -> 0.25900198 | H34: ='Deal Returns'!H25 -> 0.22962205 | I34: ='Deal Returns'!I25 -> 0.21071793 | J34: ='Deal Returns'!J25 -> 0.19653367
B35: Sponsor XIRR, after pool | F35: =XIRR(F40:F46,$C$40:$C$46) -> 0.28418748 | G35: =XIRR(G40:G46,$C$40:$C$46) -> 0.24121318 | H35: =XIRR(H40:H46,$C$40:$C$46) -> 0.21495739 | I35: =XIRR(I40:I46,$C$40:$C$46) -> 0.19808901 | J35: =XIRR(J40:J46,$C$40:$C$46) -> 0.18540218
B36: Pool cost to sponsor XIRR (bps) | F36: =(F34-F35)*10000 -> 231.33492 | G36: =(G34-G35)*10000 -> 177.88792 | H36: =(H34-H35)*10000 -> 146.64662 | I36: =(I34-I35)*10000 -> 126.28925 | J36: =(J34-J35)*10000 -> 111.31489
B38: Sponsor cash flows after incentive pool (dated)
C39: Date | F39: =F$23 -> 46752 | G39: =G$23 -> 47118 | H39: =H$23 -> 47483 | I39: =I$23 -> 47848 | J39: =J$23 -> 48213
B40: (–) Sponsor equity invested at close | C40: ='LBO Inputs'!$D$6 -> 46198 | F40: =IF($C40='LBO Inputs'!$D$6,-'LBO Inputs'!$D$10,0)+IF($C40=F$23,F$30,0) -> -5737.032 | G40: =IF($C40='LBO Inputs'!$D$6,-'LBO Inputs'!$D$10,0)+IF($C40=G$23,G$30,0) -> -5737.032 | H40: =IF($C40='LBO Inputs'!$D$6,-'LBO Inputs'!$D$10,0)+IF($C40=H$23,H$30,0) -> -5737.032 | I40: =IF($C40='LBO Inputs'!$D$6,-'LBO Inputs'!$D$10,0)+IF($C40=I$23,I$30,0) -> -5737.032 | J40: =IF($C40='LBO Inputs'!$D$6,-'LBO Inputs'!$D$10,0)+IF($C40=J$23,J$30,0) -> -5737.032
B41: (+) Proceeds after pool, if exited at this date | C41: ='LBO Inputs'!$E$19 -> 46387 | F41: =IF($C41='LBO Inputs'!$D$6,-'LBO Inputs'!$D$10,0)+IF($C41=F$23,F$30,0) -> 0 | G41: =IF($C41='LBO Inputs'!$D$6,-'LBO Inputs'!$D$10,0)+IF($C41=G$23,G$30,0) -> 0 | H41: =IF($C41='LBO Inputs'!$D$6,-'LBO Inputs'!$D$10,0)+IF($C41=H$23,H$30,0) -> 0 | I41: =IF($C41='LBO Inputs'!$D$6,-'LBO Inputs'!$D$10,0)+IF($C41=I$23,I$30,0) -> 0 | J41: =IF($C41='LBO Inputs'!$D$6,-'LBO Inputs'!$D$10,0)+IF($C41=J$23,J$30,0) -> 0
B42: (+) Proceeds after pool, if exited at this date | C42: ='LBO Inputs'!$F$19 -> 46752 | F42: =IF($C42='LBO Inputs'!$D$6,-'LBO Inputs'!$D$10,0)+IF($C42=F$23,F$30,0) -> 8386.1841 | G42: =IF($C42='LBO Inputs'!$D$6,-'LBO Inputs'!$D$10,0)+IF($C42=G$23,G$30,0) -> 0 | H42: =IF($C42='LBO Inputs'!$D$6,-'LBO Inputs'!$D$10,0)+IF($C42=H$23,H$30,0) -> 0 | I42: =IF($C42='LBO Inputs'!$D$6,-'LBO Inputs'!$D$10,0)+IF($C42=I$23,I$30,0) -> 0 | J42: =IF($C42='LBO Inputs'!$D$6,-'LBO Inputs'!$D$10,0)+IF($C42=J$23,J$30,0) -> 0
B43: (+) Proceeds after pool, if exited at this date | C43: ='LBO Inputs'!$G$19 -> 47118 | F43: =IF($C43='LBO Inputs'!$D$6,-'LBO Inputs'!$D$10,0)+IF($C43=F$23,F$30,0) -> 0 | G43: =IF($C43='LBO Inputs'!$D$6,-'LBO Inputs'!$D$10,0)+IF($C43=G$23,G$30,0) -> 9890.8034 | H43: =IF($C43='LBO Inputs'!$D$6,-'LBO Inputs'!$D$10,0)+IF($C43=H$23,H$30,0) -> 0 | I43: =IF($C43='LBO Inputs'!$D$6,-'LBO Inputs'!$D$10,0)+IF($C43=I$23,I$30,0) -> 0 | J43: =IF($C43='LBO Inputs'!$D$6,-'LBO Inputs'!$D$10,0)+IF($C43=J$23,J$30,0) -> 0
B44: (+) Proceeds after pool, if exited at this date | C44: ='LBO Inputs'!$H$19 -> 47483 | F44: =IF($C44='LBO Inputs'!$D$6,-'LBO Inputs'!$D$10,0)+IF($C44=F$23,F$30,0) -> 0 | G44: =IF($C44='LBO Inputs'!$D$6,-'LBO Inputs'!$D$10,0)+IF($C44=G$23,G$30,0) -> 0 | H44: =IF($C44='LBO Inputs'!$D$6,-'LBO Inputs'!$D$10,0)+IF($C44=H$23,H$30,0) -> 11386.454 | I44: =IF($C44='LBO Inputs'!$D$6,-'LBO Inputs'!$D$10,0)+IF($C44=I$23,I$30,0) -> 0 | J44: =IF($C44='LBO Inputs'!$D$6,-'LBO Inputs'!$D$10,0)+IF($C44=J$23,J$30,0) -> 0
B45: (+) Proceeds after pool, if exited at this date | C45: ='LBO Inputs'!$I$19 -> 47848 | F45: =IF($C45='LBO Inputs'!$D$6,-'LBO Inputs'!$D$10,0)+IF($C45=F$23,F$30,0) -> 0 | G45: =IF($C45='LBO Inputs'!$D$6,-'LBO Inputs'!$D$10,0)+IF($C45=G$23,G$30,0) -> 0 | H45: =IF($C45='LBO Inputs'!$D$6,-'LBO Inputs'!$D$10,0)+IF($C45=H$23,H$30,0) -> 0 | I45: =IF($C45='LBO Inputs'!$D$6,-'LBO Inputs'!$D$10,0)+IF($C45=I$23,I$30,0) -> 12986.764 | J45: =IF($C45='LBO Inputs'!$D$6,-'LBO Inputs'!$D$10,0)+IF($C45=J$23,J$30,0) -> 0
B46: (+) Proceeds after pool, if exited at this date | C46: ='LBO Inputs'!$J$19 -> 48213 | F46: =IF($C46='LBO Inputs'!$D$6,-'LBO Inputs'!$D$10,0)+IF($C46=F$23,F$30,0) -> 0 | G46: =IF($C46='LBO Inputs'!$D$6,-'LBO Inputs'!$D$10,0)+IF($C46=G$23,G$30,0) -> 0 | H46: =IF($C46='LBO Inputs'!$D$6,-'LBO Inputs'!$D$10,0)+IF($C46=H$23,H$30,0) -> 0 | I46: =IF($C46='LBO Inputs'!$D$6,-'LBO Inputs'!$D$10,0)+IF($C46=I$23,I$30,0) -> 0 | J46: =IF($C46='LBO Inputs'!$D$6,-'LBO Inputs'!$D$10,0)+IF($C46=J$23,J$30,0) -> 14671.23
B49: Management case
B50: Exit at fiscal year-end | F50: ='Deal Returns'!F67 -> 46752 | G50: ='Deal Returns'!G67 -> 47118 | H50: ='Deal Returns'!H67 -> 47483 | I50: ='Deal Returns'!I67 -> 47848 | J50: ='Deal Returns'!J67 -> 48213
B51: Exit equity value | F51: ='Deal Returns'!F75 -> 10156.293 | G51: ='Deal Returns'!G75 -> 13225.344 | H51: ='Deal Returns'!H75 -> 16723.03 | I51: ='Deal Returns'!I75 -> 20418.83 | J51: ='Deal Returns'!J75 -> 24552.556
B52: (–) Hurdle: sponsor equity invested × hurdle MOIC | F52: =-'LBO Inputs'!$D$10*Assumptions!$D$13 -> -5737.032 | G52: =-'LBO Inputs'!$D$10*Assumptions!$D$13 -> -5737.032 | H52: =-'LBO Inputs'!$D$10*Assumptions!$D$13 -> -5737.032 | I52: =-'LBO Inputs'!$D$10*Assumptions!$D$13 -> -5737.032 | J52: =-'LBO Inputs'!$D$10*Assumptions!$D$13 -> -5737.032
B53: Value above hurdle | F53: =MAX(0,F51+F52) -> 4419.2607 | G53: =MAX(0,G51+G52) -> 7488.3121 | H53: =MAX(0,H51+H52) -> 10985.998 | I53: =MAX(0,I51+I52) -> 14681.798 | J53: =MAX(0,J51+J52) -> 18815.524
B54: (×) Pool, % of value above hurdle | F54: =Assumptions!$D$12 -> 0.08 | G54: =Assumptions!$D$12 -> 0.08 | H54: =Assumptions!$D$12 -> 0.08 | I54: =Assumptions!$D$12 -> 0.08 | J54: =Assumptions!$D$12 -> 0.08
B55: (×) Vested at exit | F55: =IF(Assumptions!$D$15=1,1,MIN(1,'Deal Returns'!F68/Assumptions!$D$14)) -> 1 | G55: =IF(Assumptions!$D$15=1,1,MIN(1,'Deal Returns'!G68/Assumptions!$D$14)) -> 1 | H55: =IF(Assumptions!$D$15=1,1,MIN(1,'Deal Returns'!H68/Assumptions!$D$14)) -> 1 | I55: =IF(Assumptions!$D$15=1,1,MIN(1,'Deal Returns'!I68/Assumptions!$D$14)) -> 1 | J55: =IF(Assumptions!$D$15=1,1,MIN(1,'Deal Returns'!J68/Assumptions!$D$14)) -> 1
B56: (–) Management incentive pool | F56: =-F53*F54*F55 -> -353.54086 | G56: =-G53*G54*G55 -> -599.06496 | H56: =-H53*H54*H55 -> -878.87983 | I56: =-I53*I54*I55 -> -1174.5438 | J56: =-J53*J54*J55 -> -1505.2419
B57: Sponsor proceeds after incentive pool ($m) | F57: =F51+F56 -> 9802.7519 | G57: =G51+G56 -> 12626.279 | H57: =H51+H56 -> 15844.15 | I57: =I51+I56 -> 19244.286 | J57: =J51+J56 -> 23047.314
B58: Pool, % of exit equity value | F58: =-F56/F51 -> 0.03481003 | G58: =-G56/G51 -> 0.04529674 | H58: =-H56/H51 -> 0.05255506 | I58: =-I56/I51 -> 0.057522583 | J58: =-J56/J51 -> 0.061306934
B59: Sponsor MOIC, before pool | F59: ='Deal Returns'!F87 -> 1.7703044 | G59: ='Deal Returns'!G87 -> 2.3052589 | H59: ='Deal Returns'!H87 -> 2.9149271 | I59: ='Deal Returns'!I87 -> 3.5591278 | J59: ='Deal Returns'!J87 -> 4.2796617
B60: Sponsor MOIC, after pool | F60: =SUMIF(F67:F73,">0")/-SUMIF(F67:F73,"<0") -> 1.70868 | G60: =SUMIF(G67:G73,">0")/-SUMIF(G67:G73,"<0") -> 2.2008382 | H60: =SUMIF(H67:H73,">0")/-SUMIF(H67:H73,"<0") -> 2.7617329 | I60: =SUMIF(I67:I73,">0")/-SUMIF(I67:I73,"<0") -> 3.3543975 | J60: =SUMIF(J67:J73,">0")/-SUMIF(J67:J73,"<0") -> 4.0172888
B61: Sponsor XIRR, before pool | F61: ='Deal Returns'!F86 -> 0.45688438 | G61: ='Deal Returns'!G86 -> 0.39285242 | H61: ='Deal Returns'!H86 -> 0.35511439 | I61: ='Deal Returns'!I86 -> 0.3242314 | J61: ='Deal Returns'!J86 -> 0.30129097
B62: Sponsor XIRR, after pool | F62: =XIRR(F67:F73,$C$67:$C$73) -> 0.42327004 | G62: =XIRR(G67:G73,$C$67:$C$73) -> 0.36747095 | H62: =XIRR(H67:H73,$C$67:$C$73) -> 0.33449268 | I62: =XIRR(I67:I73,$C$67:$C$73) -> 0.30699012 | J62: =XIRR(J67:J73,$C$67:$C$73) -> 0.286463
B63: Pool cost to sponsor XIRR (bps) | F63: =(F61-F62)*10000 -> 336.14337 | G63: =(G61-G62)*10000 -> 253.8147 | H63: =(H61-H62)*10000 -> 206.21717 | I63: =(I61-I62)*10000 -> 172.41287 | J63: =(J61-J62)*10000 -> 148.27967
B65: Sponsor cash flows after incentive pool (dated)
C66: Date | F66: =F$50 -> 46752 | G66: =G$50 -> 47118 | H66: =H$50 -> 47483 | I66: =I$50 -> 47848 | J66: =J$50 -> 48213
B67: (–) Sponsor equity invested at close | C67: ='LBO Inputs'!$D$6 -> 46198 | F67: =IF($C67='LBO Inputs'!$D$6,-'LBO Inputs'!$D$10,0)+IF($C67=F$50,F$57,0) -> -5737.032 | G67: =IF($C67='LBO Inputs'!$D$6,-'LBO Inputs'!$D$10,0)+IF($C67=G$50,G$57,0) -> -5737.032 | H67: =IF($C67='LBO Inputs'!$D$6,-'LBO Inputs'!$D$10,0)+IF($C67=H$50,H$57,0) -> -5737.032 | I67: =IF($C67='LBO Inputs'!$D$6,-'LBO Inputs'!$D$10,0)+IF($C67=I$50,I$57,0) -> -5737.032 | J67: =IF($C67='LBO Inputs'!$D$6,-'LBO Inputs'!$D$10,0)+IF($C67=J$50,J$57,0) -> -5737.032
B68: (+) Proceeds after pool, if exited at this date | C68: ='LBO Inputs'!$E$19 -> 46387 | F68: =IF($C68='LBO Inputs'!$D$6,-'LBO Inputs'!$D$10,0)+IF($C68=F$50,F$57,0) -> 0 | G68: =IF($C68='LBO Inputs'!$D$6,-'LBO Inputs'!$D$10,0)+IF($C68=G$50,G$57,0) -> 0 | H68: =IF($C68='LBO Inputs'!$D$6,-'LBO Inputs'!$D$10,0)+IF($C68=H$50,H$57,0) -> 0 | I68: =IF($C68='LBO Inputs'!$D$6,-'LBO Inputs'!$D$10,0)+IF($C68=I$50,I$57,0) -> 0 | J68: =IF($C68='LBO Inputs'!$D$6,-'LBO Inputs'!$D$10,0)+IF($C68=J$50,J$57,0) -> 0
B69: (+) Proceeds after pool, if exited at this date | C69: ='LBO Inputs'!$F$19 -> 46752 | F69: =IF($C69='LBO Inputs'!$D$6,-'LBO Inputs'!$D$10,0)+IF($C69=F$50,F$57,0) -> 9802.7519 | G69: =IF($C69='LBO Inputs'!$D$6,-'LBO Inputs'!$D$10,0)+IF($C69=G$50,G$57,0) -> 0 | H69: =IF($C69='LBO Inputs'!$D$6,-'LBO Inputs'!$D$10,0)+IF($C69=H$50,H$57,0) -> 0 | I69: =IF($C69='LBO Inputs'!$D$6,-'LBO Inputs'!$D$10,0)+IF($C69=I$50,I$57,0) -> 0 | J69: =IF($C69='LBO Inputs'!$D$6,-'LBO Inputs'!$D$10,0)+IF($C69=J$50,J$57,0) -> 0
B70: (+) Proceeds after pool, if exited at this date | C70: ='LBO Inputs'!$G$19 -> 47118 | F70: =IF($C70='LBO Inputs'!$D$6,-'LBO Inputs'!$D$10,0)+IF($C70=F$50,F$57,0) -> 0 | G70: =IF($C70='LBO Inputs'!$D$6,-'LBO Inputs'!$D$10,0)+IF($C70=G$50,G$57,0) -> 12626.279 | H70: =IF($C70='LBO Inputs'!$D$6,-'LBO Inputs'!$D$10,0)+IF($C70=H$50,H$57,0) -> 0 | I70: =IF($C70='LBO Inputs'!$D$6,-'LBO Inputs'!$D$10,0)+IF($C70=I$50,I$57,0) -> 0 | J70: =IF($C70='LBO Inputs'!$D$6,-'LBO Inputs'!$D$10,0)+IF($C70=J$50,J$57,0) -> 0
B71: (+) Proceeds after pool, if exited at this date | C71: ='LBO Inputs'!$H$19 -> 47483 | F71: =IF($C71='LBO Inputs'!$D$6,-'LBO Inputs'!$D$10,0)+IF($C71=F$50,F$57,0) -> 0 | G71: =IF($C71='LBO Inputs'!$D$6,-'LBO Inputs'!$D$10,0)+IF($C71=G$50,G$57,0) -> 0 | H71: =IF($C71='LBO Inputs'!$D$6,-'LBO Inputs'!$D$10,0)+IF($C71=H$50,H$57,0) -> 15844.15 | I71: =IF($C71='LBO Inputs'!$D$6,-'LBO Inputs'!$D$10,0)+IF($C71=I$50,I$57,0) -> 0 | J71: =IF($C71='LBO Inputs'!$D$6,-'LBO Inputs'!$D$10,0)+IF($C71=J$50,J$57,0) -> 0
B72: (+) Proceeds after pool, if exited at this date | C72: ='LBO Inputs'!$I$19 -> 47848 | F72: =IF($C72='LBO Inputs'!$D$6,-'LBO Inputs'!$D$10,0)+IF($C72=F$50,F$57,0) -> 0 | G72: =IF($C72='LBO Inputs'!$D$6,-'LBO Inputs'!$D$10,0)+IF($C72=G$50,G$57,0) -> 0 | H72: =IF($C72='LBO Inputs'!$D$6,-'LBO Inputs'!$D$10,0)+IF($C72=H$50,H$57,0) -> 0 | I72: =IF($C72='LBO Inputs'!$D$6,-'LBO Inputs'!$D$10,0)+IF($C72=I$50,I$57,0) -> 19244.286 | J72: =IF($C72='LBO Inputs'!$D$6,-'LBO Inputs'!$D$10,0)+IF($C72=J$50,J$57,0) -> 0
B73: (+) Proceeds after pool, if exited at this date | C73: ='LBO Inputs'!$J$19 -> 48213 | F73: =IF($C73='LBO Inputs'!$D$6,-'LBO Inputs'!$D$10,0)+IF($C73=F$50,F$57,0) -> 0 | G73: =IF($C73='LBO Inputs'!$D$6,-'LBO Inputs'!$D$10,0)+IF($C73=G$50,G$57,0) -> 0 | H73: =IF($C73='LBO Inputs'!$D$6,-'LBO Inputs'!$D$10,0)+IF($C73=H$50,H$57,0) -> 0 | I73: =IF($C73='LBO Inputs'!$D$6,-'LBO Inputs'!$D$10,0)+IF($C73=I$50,I$57,0) -> 0 | J73: =IF($C73='LBO Inputs'!$D$6,-'LBO Inputs'!$D$10,0)+IF($C73=J$50,J$57,0) -> 23047.314
B76: Proceeds by Investor at Exit (After Incentive Pool; Pro Rata to Funded Equity)
B77: Exit at fiscal year-end | F77: ='Deal Returns'!F6 -> 46752 | G77: ='Deal Returns'!G6 -> 47118 | H77: ='Deal Returns'!H6 -> 47483 | I77: ='Deal Returns'!I6 -> 47848 | J77: ='Deal Returns'!J6 -> 48213
B78: Outside-in case
B79: Permira | F79: =$E$7*F$30 -> 3660.5205 | G79: =$E$7*G$30 -> 4317.278 | H79: =$E$7*H$30 -> 4970.1207 | I79: =$E$7*I$30 -> 5668.6466 | J79: =$E$7*J$30 -> 6403.9066
B80: Warburg Pincus | F80: =$E$8*F$30 -> 2595.3774 | G80: =$E$8*G$30 -> 3061.0307 | H80: =$E$8*H$30 -> 3523.9083 | I80: =$E$8*I$30 -> 4019.1763 | J80: =$E$8*J$30 -> 4540.4893
B81: Francisco Partners | F81: =$E$9*F$30 -> 1065.1431 | G81: =$E$9*G$30 -> 1256.2473 | H81: =$E$9*H$30 -> 1446.2124 | I81: =$E$9*I$30 -> 1649.4704 | J81: =$E$9*J$30 -> 1863.4173
B82: Temasek (Robson) | F82: =$E$10*F$30 -> 1065.1431 | G82: =$E$10*G$30 -> 1256.2473 | H82: =$E$10*H$30 -> 1446.2124 | I82: =$E$10*I$30 -> 1649.4704 | J82: =$E$10*J$30 -> 1863.4173
B83: Total sponsor proceeds ($m) | F83: =SUM(F79:F82) -> 8386.1841 | G83: =SUM(G79:G82) -> 9890.8034 | H83: =SUM(H79:H82) -> 11386.454 | I83: =SUM(I79:I82) -> 12986.764 | J83: =SUM(J79:J82) -> 14671.23
B84: MOIC, each investor (after pool) | F84: =F83/$F$11 -> 1.4617635 | G84: =G83/$F$11 -> 1.7240279 | H84: =H83/$F$11 -> 1.984729 | I84: =I83/$F$11 -> 2.2636729 | J84: =J83/$F$11 -> 2.5572858
B87: Management case
B88: Permira | F88: =$E$7*F$57 -> 4278.8441 | G88: =$E$7*G$57 -> 5511.2972 | H88: =$E$7*H$57 -> 6915.8792 | I88: =$E$7*I$57 -> 8400.0186 | J88: =$E$7*J$57 -> 10060.018
B89: Warburg Pincus | F89: =$E$8*F$57 -> 3033.7803 | G89: =$E$8*G$57 -> 3907.6126 | H89: =$E$8*H$57 -> 4903.4874 | I89: =$E$8*I$57 -> 5955.77 | J89: =$E$8*J$57 -> 7132.7407
B90: Francisco Partners | F90: =$E$9*F$57 -> 1245.0638 | G90: =$E$9*G$57 -> 1603.6846 | H90: =$E$9*H$57 -> 2012.3918 | I90: =$E$9*I$57 -> 2444.2486 | J90: =$E$9*J$57 -> 2927.2776
B91: Temasek (Robson) | F91: =$E$10*F$57 -> 1245.0638 | G91: =$E$10*G$57 -> 1603.6846 | H91: =$E$10*H$57 -> 2012.3918 | I91: =$E$10*I$57 -> 2444.2486 | J91: =$E$10*J$57 -> 2927.2776
B92: Total sponsor proceeds ($m) | F92: =SUM(F88:F91) -> 9802.7519 | G92: =SUM(G88:G91) -> 12626.279 | H92: =SUM(H88:H91) -> 15844.15 | I92: =SUM(I88:I91) -> 19244.286 | J92: =SUM(J88:J91) -> 23047.314
B93: MOIC, each investor (after pool) | F93: =F92/$F$11 -> 1.70868 | G93: =G92/$F$11 -> 2.2008382 | H93: =H92/$F$11 -> 2.7617329 | I93: =I92/$F$11 -> 3.3543975 | J93: =J92/$F$11 -> 4.0172888

Sheet Value Creation
B2: Value-Creation Bridge: Sponsor Equity Invested to Exit Equity Value
B3: ($ in millions)
B5: Outside-in Case: Value-Creation Bridge by Exit Year
B6: Exit at fiscal year-end | F6: ='Deal Returns'!F6 -> 46752 | G6: ='Deal Returns'!G6 -> 47118 | H6: ='Deal Returns'!H6 -> 47483 | I6: ='Deal Returns'!I6 -> 47848 | J6: ='Deal Returns'!J6 -> 48213
B7: Entry: FY2026E revenue | D7: ='LBO Inputs'!E20 -> 936.446
B8: Entry: FY2026E Adj. EBITDA margin | D8: =D9/D7 -> 0.35743438
B9: Entry: FY2026E Adj. EBITDA (pre-SBC) | D9: ='LBO Inputs'!E21 -> 334.718
B10: Entry NTM multiple: TEV / FY2026E Adj. EBITDA | D10: ='LBO Inputs'!$D$24 -> 25.041256
B12: Sponsor equity invested | F12: ='LBO Inputs'!$D$10 -> 5737.032 | G12: ='LBO Inputs'!$D$10 -> 5737.032 | H12: ='LBO Inputs'!$D$10 -> 5737.032 | I12: ='LBO Inputs'!$D$10 -> 5737.032 | J12: ='LBO Inputs'!$D$10 -> 5737.032
B13: (+) Revenue growth (at entry margin and multiple) | F13: =$D$10*('Deal Returns'!F8-$D$7)*$D$8 -> 2343.3237 | G13: =$D$10*('Deal Returns'!G8-$D$7)*$D$8 -> 3589.5109 | H13: =$D$10*('Deal Returns'!H8-$D$7)*$D$8 -> 4860.7845 | I13: =$D$10*('Deal Returns'!I8-$D$7)*$D$8 -> 6185.0389 | J13: =$D$10*('Deal Returns'!J8-$D$7)*$D$8 -> 7641.7187
B14: (+) Margin expansion (at entry multiple) | F14: =$D$10*'Deal Returns'!F8*('Deal Returns'!F9-$D$8) -> 619.02342 | G14: =$D$10*'Deal Returns'!G8*('Deal Returns'!G9-$D$8) -> 904.37384 | H14: =$D$10*'Deal Returns'!H8*('Deal Returns'!H9-$D$8) -> 1118.4567 | I14: =$D$10*'Deal Returns'!I8*('Deal Returns'!I9-$D$8) -> 1360.1508 | J14: =$D$10*'Deal Returns'!J8*('Deal Returns'!J9-$D$8) -> 1496.1659
B15: (+) Multiple change (exit vs. entry NTM multiple) | F15: =('Deal Returns'!F11-$D$10)*'Deal Returns'!F10 -> 0 | G15: =('Deal Returns'!G11-$D$10)*'Deal Returns'!G10 -> 0 | H15: =('Deal Returns'!H11-$D$10)*'Deal Returns'!H10 -> 0 | I15: =('Deal Returns'!I11-$D$10)*'Deal Returns'!I10 -> 0 | J15: =('Deal Returns'!J11-$D$10)*'Deal Returns'!J10 -> 0
B16: (+) Debt paydown and cash build, less unpaid deferred awards | F16: ='LBO Inputs'!$D$12+'Deal Returns'!F13 -> -102.56088 | G16: ='LBO Inputs'!$D$12+'Deal Returns'!G13 -> 1.3571832 | H16: ='LBO Inputs'!$D$12+'Deal Returns'!H13 -> 141.7077 | I16: ='LBO Inputs'!$D$12+'Deal Returns'!I13 -> 315.22651 | J16: ='LBO Inputs'!$D$12+'Deal Returns'!J13 -> 553.47388
B17: (+) Deferred awards assumed at close, less fees | F17: =('LBO Inputs'!$D$7-'LBO Inputs'!$D$12)-'LBO Inputs'!$D$10 -> 19.726949 | G17: =('LBO Inputs'!$D$7-'LBO Inputs'!$D$12)-'LBO Inputs'!$D$10 -> 19.726949 | H17: =('LBO Inputs'!$D$7-'LBO Inputs'!$D$12)-'LBO Inputs'!$D$10 -> 19.726949 | I17: =('LBO Inputs'!$D$7-'LBO Inputs'!$D$12)-'LBO Inputs'!$D$10 -> 19.726949 | J17: =('LBO Inputs'!$D$7-'LBO Inputs'!$D$12)-'LBO Inputs'!$D$10 -> 19.726949
B18: Exit equity value, bridge ($m) | F18: =SUM(F12:F17) -> 8616.5452 | G18: =SUM(G12:G17) -> 10252.001 | H18: =SUM(H12:H17) -> 11877.708 | I18: =SUM(I12:I17) -> 13617.175 | J18: =SUM(J12:J17) -> 15448.117
B19: Exit equity value, exit build | F19: ='Deal Returns'!F14 -> 8616.5452 | G19: ='Deal Returns'!G14 -> 10252.001 | H19: ='Deal Returns'!H14 -> 11877.708 | I19: ='Deal Returns'!I14 -> 13617.175 | J19: ='Deal Returns'!J14 -> 15448.117
B20: Difference | F20: =F18-F19 -> 0 | G20: =G18-G19 -> 0 | H20: =H18-H19 -> 0 | I20: =I18-I19 -> 0 | J20: =J18-J19 -> 0
B21: (–) Management incentive pool | F21: ='Equity Funding'!F29 -> -230.36106 | G21: ='Equity Funding'!G29 -> -361.19751 | H21: ='Equity Funding'!H29 -> -491.25407 | I21: ='Equity Funding'!I29 -> -630.41145 | J21: ='Equity Funding'!J29 -> -776.88683
B22: Sponsor proceeds after incentive pool ($m) | F22: =F18+F21 -> 8386.1841 | G22: =G18+G21 -> 9890.8034 | H22: =H18+H21 -> 11386.454 | I22: =I18+I21 -> 12986.764 | J22: =J18+J21 -> 14671.23
B24: Share of value created (exit equity value less equity invested)
B25: Revenue growth | F25: =F13/(F18-F12) -> 0.81379162 | G25: =G13/(G18-G12) -> 0.79502451 | H25: =H13/(H18-H12) -> 0.79157159 | I25: =I13/(I18-I12) -> 0.78488916 | J25: =J13/(J18-J12) -> 0.78690676
B26: Margin expansion | F26: =F14/(F18-F12) -> 0.21497502 | G26: =G14/(G18-G12) -> 0.20030566 | H26: =H14/(H18-H12) -> 0.18213902 | I26: =I14/(I18-I12) -> 0.17260483 | J26: =J14/(J18-J12) -> 0.15406783
B27: Multiple change | F27: =F15/(F18-F12) -> 0 | G27: =G15/(G18-G12) -> 0 | H27: =H15/(H18-H12) -> 0 | I27: =I15/(I18-I12) -> 0 | J27: =J15/(J18-J12) -> 0
B28: Debt paydown, cash build and unpaid deferred awards | F28: =F16/(F18-F12) -> -0.035617435 | G28: =G16/(G18-G12) -> 0.00030059635 | H28: =H16/(H18-H12) -> 0.02307689 | I28: =I16/(I18-I12) -> 0.040002638 | J28: =J16/(J18-J12) -> 0.056994029
B29: Deferred awards assumed, less fees | F29: =F17/(F18-F12) -> 0.006850793 | G29: =G17/(G18-G12) -> 0.0043692325 | H29: =H17/(H18-H12) -> 0.0032125045 | I29: =I17/(I18-I12) -> 0.0025033745 | J29: =J17/(J18-J12) -> 0.0020313846
B30: Total | F30: =SUM(F25:F29) -> 1 | G30: =SUM(G25:G29) -> 1 | H30: =SUM(H25:H29) -> 1 | I30: =SUM(I25:I29) -> 1 | J30: =SUM(J25:J29) -> 1
B34: Management Case: Value-Creation Bridge by Exit Year
B35: Exit at fiscal year-end | F35: ='Deal Returns'!F67 -> 46752 | G35: ='Deal Returns'!G67 -> 47118 | H35: ='Deal Returns'!H67 -> 47483 | I35: ='Deal Returns'!I67 -> 47848 | J35: ='Deal Returns'!J67 -> 48213
B36: Entry: FY2026E revenue | D36: ='LBO Inputs'!E33 -> 941.76153
B37: Entry: FY2026E Adj. EBITDA margin | D37: =D38/D36 -> 0.35957447
B38: Entry: FY2026E Adj. EBITDA (pre-SBC) | D38: ='LBO Inputs'!E34 -> 338.6334
B39: Entry NTM multiple: TEV / FY2026E Adj. EBITDA | D39: ='LBO Inputs'!$D$37 -> 24.751719
B41: Sponsor equity invested | F41: ='LBO Inputs'!$D$10 -> 5737.032 | G41: ='LBO Inputs'!$D$10 -> 5737.032 | H41: ='LBO Inputs'!$D$10 -> 5737.032 | I41: ='LBO Inputs'!$D$10 -> 5737.032 | J41: ='LBO Inputs'!$D$10 -> 5737.032
B42: (+) Revenue growth (at entry margin and multiple) | F42: =$D$39*('Deal Returns'!F69-$D$36)*$D$37 -> 3192.2018 | G42: =$D$39*('Deal Returns'!G69-$D$36)*$D$37 -> 5269.808 | H42: =$D$39*('Deal Returns'!H69-$D$36)*$D$37 -> 7730.8351 | I42: =$D$39*('Deal Returns'!I69-$D$36)*$D$37 -> 10308.85 | J42: =$D$39*('Deal Returns'!J69-$D$36)*$D$37 -> 13299.348
B43: (+) Margin expansion (at entry multiple) | F43: =$D$39*'Deal Returns'!F69*('Deal Returns'!F70-$D$37) -> 1271.4568 | G43: =$D$39*'Deal Returns'!G69*('Deal Returns'!G70-$D$37) -> 2070.4306 | H43: =$D$39*'Deal Returns'!H69*('Deal Returns'!H70-$D$37) -> 2808.3588 | I43: =$D$39*'Deal Returns'!I69*('Deal Returns'!I70-$D$37) -> 3504.7657 | J43: =$D$39*'Deal Returns'!J69*('Deal Returns'!J70-$D$37) -> 4065.5282
B44: (+) Multiple change (exit vs. entry NTM multiple) | F44: =('Deal Returns'!F72-$D$39)*'Deal Returns'!F71 -> 0 | G44: =('Deal Returns'!G72-$D$39)*'Deal Returns'!G71 -> 0 | H44: =('Deal Returns'!H72-$D$39)*'Deal Returns'!H71 -> 0 | I44: =('Deal Returns'!I72-$D$39)*'Deal Returns'!I71 -> 0 | J44: =('Deal Returns'!J72-$D$39)*'Deal Returns'!J71 -> 0
B45: (+) Debt paydown and cash build, less unpaid deferred awards | F45: ='LBO Inputs'!$D$12+'Deal Returns'!F74 -> -64.124817 | G45: ='LBO Inputs'!$D$12+'Deal Returns'!G74 -> 128.34651 | H45: ='LBO Inputs'!$D$12+'Deal Returns'!H74 -> 427.07706 | I45: ='LBO Inputs'!$D$12+'Deal Returns'!I74 -> 848.45498 | J45: ='LBO Inputs'!$D$12+'Deal Returns'!J74 -> 1430.9213
B46: (+) Deferred awards assumed at close, less fees | F46: =('LBO Inputs'!$D$7-'LBO Inputs'!$D$12)-'LBO Inputs'!$D$10 -> 19.726949 | G46: =('LBO Inputs'!$D$7-'LBO Inputs'!$D$12)-'LBO Inputs'!$D$10 -> 19.726949 | H46: =('LBO Inputs'!$D$7-'LBO Inputs'!$D$12)-'LBO Inputs'!$D$10 -> 19.726949 | I46: =('LBO Inputs'!$D$7-'LBO Inputs'!$D$12)-'LBO Inputs'!$D$10 -> 19.726949 | J46: =('LBO Inputs'!$D$7-'LBO Inputs'!$D$12)-'LBO Inputs'!$D$10 -> 19.726949
B47: Exit equity value, bridge ($m) | F47: =SUM(F41:F46) -> 10156.293 | G47: =SUM(G41:G46) -> 13225.344 | H47: =SUM(H41:H46) -> 16723.03 | I47: =SUM(I41:I46) -> 20418.83 | J47: =SUM(J41:J46) -> 24552.556
B48: Exit equity value, exit build | F48: ='Deal Returns'!F75 -> 10156.293 | G48: ='Deal Returns'!G75 -> 13225.344 | H48: ='Deal Returns'!H75 -> 16723.03 | I48: ='Deal Returns'!I75 -> 20418.83 | J48: ='Deal Returns'!J75 -> 24552.556
B49: Difference | F49: =F47-F48 -> 0 | G49: =G47-G48 -> 0 | H49: =H47-H48 -> 0 | I49: =I47-I48 -> 0 | J49: =J47-J48 -> 0
B50: (–) Management incentive pool | F50: ='Equity Funding'!F56 -> -353.54086 | G50: ='Equity Funding'!G56 -> -599.06496 | H50: ='Equity Funding'!H56 -> -878.87983 | I50: ='Equity Funding'!I56 -> -1174.5438 | J50: ='Equity Funding'!J56 -> -1505.2419
B51: Sponsor proceeds after incentive pool ($m) | F51: =F47+F50 -> 9802.7519 | G51: =G47+G50 -> 12626.279 | H51: =H47+H50 -> 15844.15 | I51: =I47+I50 -> 19244.286 | J51: =J47+J50 -> 23047.314
B53: Share of value created (exit equity value less equity invested)
B54: Revenue growth | F54: =F42/(F47-F41) -> 0.72233842 | G54: =G42/(G47-G41) -> 0.70373777 | H54: =H42/(H47-H41) -> 0.70369894 | I54: =I42/(I47-I41) -> 0.70215176 | J54: =J42/(J47-J41) -> 0.70682844
B55: Margin expansion | F55: =F43/(F47-F41) -> 0.28770803 | G55: =G43/(G47-G41) -> 0.27648829 | H55: =H43/(H47-H41) -> 0.25563074 | I55: =I43/(I47-I41) -> 0.23871502 | J55: =J43/(J47-J41) -> 0.21607308
B56: Multiple change | F56: =F44/(F47-F41) -> 0 | G56: =G44/(G47-G41) -> 0 | H56: =H44/(H47-H41) -> 0 | I56: =I44/(I47-I41) -> 0 | J56: =J44/(J47-J41) -> 0
B57: Debt paydown, cash build and unpaid deferred awards | F57: =F45/(F47-F41) -> -0.014510304 | G57: =G45/(G47-G41) -> 0.017139578 | H57: =H45/(H47-H41) -> 0.038874671 | I57: =I45/(I47-I41) -> 0.057789583 | J57: =J45/(J47-J41) -> 0.076050039
B58: Deferred awards assumed, less fees | F58: =F46/(F47-F41) -> 0.0044638572 | G58: =G46/(G47-G41) -> 0.0026343652 | H58: =H46/(H47-H41) -> 0.0017956447 | I58: =I46/(I47-I41) -> 0.0013436331 | J58: =J46/(J47-J41) -> 0.00104844
B59: Total | F59: =SUM(F54:F58) -> 1 | G59: =SUM(G54:G58) -> 1 | H59: =SUM(H54:H58) -> 1 | I59: =SUM(I54:I58) -> 1 | J59: =SUM(J54:J58) -> 1

Sheet Fund Waterfall
B2: Fund Waterfall: European (Whole-Fund) and American (Deal-by-Deal), by Exit Year
B3: ($ in millions; illustrative LPA terms on Assumptions; this deal treated as the fund's only investment)
B5: Fund Terms and Fee Schedule
B6: Sponsor equity invested (deal capital) | D6: ='LBO Inputs'!D10 -> 5737.032
B7: LP commitments: deal capital ÷ (1 – fee rate × investment period) | D7: =D6/(1-Assumptions!D18*Assumptions!D19) -> 6374.48
B8: Investment period ends | D8: =EDATE('LBO Inputs'!D6,12*Assumptions!D19) -> 48024
B9: Management fee, investment period (per year) | D9: =Assumptions!D18*D7 -> 127.4896
B11: Fee schedule (paid in advance at each date) | D11: ='LBO Inputs'!$D$6 -> 46198 | E11: ='LBO Inputs'!$E$19 -> 46387 | F11: ='LBO Inputs'!$F$19 -> 46752 | G11: ='LBO Inputs'!$G$19 -> 47118 | H11: ='LBO Inputs'!$H$19 -> 47483 | I11: ='LBO Inputs'!$I$19 -> 47848 | J11: ='LBO Inputs'!$J$19 -> 48213
B12: Fee period ends | D12: =E11 -> 46387 | E12: =F11 -> 46752 | F12: =G11 -> 47118 | G12: =H11 -> 47483 | H12: =I11 -> 47848 | I12: =J11 -> 48213 | J12: =J11 -> 48213
B13: Days in investment period | D13: =MAX(0,MIN(D12,$D$8)-MIN(D11,$D$8)) -> 189 | E13: =MAX(0,MIN(E12,$D$8)-MIN(E11,$D$8)) -> 365 | F13: =MAX(0,MIN(F12,$D$8)-MIN(F11,$D$8)) -> 366 | G13: =MAX(0,MIN(G12,$D$8)-MIN(G11,$D$8)) -> 365 | H13: =MAX(0,MIN(H12,$D$8)-MIN(H11,$D$8)) -> 365 | I13: =MAX(0,MIN(I12,$D$8)-MIN(I11,$D$8)) -> 176 | J13: =MAX(0,MIN(J12,$D$8)-MIN(J11,$D$8)) -> 0
B14: Days after investment period | D14: =MAX(0,D12-MAX(D11,$D$8)) -> 0 | E14: =MAX(0,E12-MAX(E11,$D$8)) -> 0 | F14: =MAX(0,F12-MAX(F11,$D$8)) -> 0 | G14: =MAX(0,G12-MAX(G11,$D$8)) -> 0 | H14: =MAX(0,H12-MAX(H11,$D$8)) -> 0 | I14: =MAX(0,I12-MAX(I11,$D$8)) -> 189 | J14: =MAX(0,J12-MAX(J11,$D$8)) -> 0
B15: Fee on committed capital | D15: =Assumptions!$D$18*$D$7*D13/Assumptions!$D$24 -> 66.015163 | E15: =Assumptions!$D$18*$D$7*E13/Assumptions!$D$24 -> 127.4896 | F15: =Assumptions!$D$18*$D$7*F13/Assumptions!$D$24 -> 127.83889 | G15: =Assumptions!$D$18*$D$7*G13/Assumptions!$D$24 -> 127.4896 | H15: =Assumptions!$D$18*$D$7*H13/Assumptions!$D$24 -> 127.4896 | I15: =Assumptions!$D$18*$D$7*I13/Assumptions!$D$24 -> 61.474437 | J15: =Assumptions!$D$18*$D$7*J13/Assumptions!$D$24 -> 0
B16: Fee on invested capital | D16: =Assumptions!$D$20*$D$6*D14/Assumptions!$D$24 -> 0 | E16: =Assumptions!$D$20*$D$6*E14/Assumptions!$D$24 -> 0 | F16: =Assumptions!$D$20*$D$6*F14/Assumptions!$D$24 -> 0 | G16: =Assumptions!$D$20*$D$6*G14/Assumptions!$D$24 -> 0 | H16: =Assumptions!$D$20*$D$6*H14/Assumptions!$D$24 -> 0 | I16: =Assumptions!$D$20*$D$6*I14/Assumptions!$D$24 -> 59.413646 | J16: =Assumptions!$D$20*$D$6*J14/Assumptions!$D$24 -> 0
B17: Management fee paid ($m) | D17: =D15+D16 -> 66.015163 | E17: =E15+E16 -> 127.4896 | F17: =F15+F16 -> 127.83889 | G17: =G15+G16 -> 127.4896 | H17: =H15+H16 -> 127.4896 | I17: =I15+I16 -> 120.88808 | J17: =J15+J16 -> 0
B18: Cumulative management fees paid | D18: =SUM($D17:D17) -> 66.015163 | E18: =SUM($D17:E17) -> 193.50476 | F18: =SUM($D17:F17) -> 321.34365 | G18: =SUM($D17:G17) -> 448.83325 | H18: =SUM($D17:H17) -> 576.32285 | I18: =SUM($D17:I17) -> 697.21093 | J18: =SUM($D17:J17) -> 697.21093
B21: Outside-in Case: Distribution Waterfall by Exit Year
B22: Exit at fiscal year-end | F22: ='Deal Returns'!F6 -> 46752 | G22: ='Deal Returns'!G6 -> 47118 | H22: ='Deal Returns'!H6 -> 47483 | I22: ='Deal Returns'!I6 -> 47848 | J22: ='Deal Returns'!J6 -> 48213
B23: Sponsor equity invested (deal capital) | F23: =$D$6 -> 5737.032 | G23: =$D$6 -> 5737.032 | H23: =$D$6 -> 5737.032 | I23: =$D$6 -> 5737.032 | J23: =$D$6 -> 5737.032
B24: Management fees paid before exit | F24: =SUMPRODUCT($D$17:$J$17*($D$11:$J$11<F$22)) -> 193.50476 | G24: =SUMPRODUCT($D$17:$J$17*($D$11:$J$11<G$22)) -> 321.34365 | H24: =SUMPRODUCT($D$17:$J$17*($D$11:$J$11<H$22)) -> 448.83325 | I24: =SUMPRODUCT($D$17:$J$17*($D$11:$J$11<I$22)) -> 576.32285 | J24: =SUMPRODUCT($D$17:$J$17*($D$11:$J$11<J$22)) -> 697.21093
B25: Total paid-in capital ($m) | F25: =F23+F24 -> 5930.5367 | G25: =G23+G24 -> 6058.3756 | H25: =H23+H24 -> 6185.8652 | I25: =I23+I24 -> 6313.3548 | J25: =J23+J24 -> 6434.2429
B26: Preferred return accrued on deal capital | F26: =$D$6*((1+Assumptions!$D$21)^((F$22-$D$11)/Assumptions!$D$24)-1) -> 710.86547 | G26: =$D$6*((1+Assumptions!$D$21)^((G$22-$D$11)/Assumptions!$D$24)-1) -> 1228.1657 | H26: =$D$6*((1+Assumptions!$D$21)^((H$22-$D$11)/Assumptions!$D$24)-1) -> 1785.3816 | I26: =$D$6*((1+Assumptions!$D$21)^((I$22-$D$11)/Assumptions!$D$24)-1) -> 2387.1746 | J26: =$D$6*((1+Assumptions!$D$21)^((J$22-$D$11)/Assumptions!$D$24)-1) -> 3037.1112
B27: Preferred return accrued on fees | F27: =SUMPRODUCT($D$17:$J$17*((1+Assumptions!$D$21)^((F$22-$D$11:$J$11)/Assumptions!$D$24)-1)*($D$11:$J$11<F$22)) -> 18.37899 | G27: =SUMPRODUCT($D$17:$J$17*((1+Assumptions!$D$21)^((G$22-$D$11:$J$11)/Assumptions!$D$24)-1)*($D$11:$J$11<G$22)) -> 45.634171 | H27: =SUMPRODUCT($D$17:$J$17*((1+Assumptions!$D$21)^((H$22-$D$11:$J$11)/Assumptions!$D$24)-1)*($D$11:$J$11<H$22)) -> 85.191564 | I27: =SUMPRODUCT($D$17:$J$17*((1+Assumptions!$D$21)^((I$22-$D$11:$J$11)/Assumptions!$D$24)-1)*($D$11:$J$11<I$22)) -> 138.11272 | J27: =SUMPRODUCT($D$17:$J$17*((1+Assumptions!$D$21)^((J$22-$D$11:$J$11)/Assumptions!$D$24)-1)*($D$11:$J$11<J$22)) -> 204.93861
B28: Total preferred return accrued ($m) | F28: =F26+F27 -> 729.24446 | G28: =G26+G27 -> 1273.7999 | H28: =H26+H27 -> 1870.5731 | I28: =I26+I27 -> 2525.2874 | J28: =J26+J27 -> 3242.0498
B30: Distributable proceeds, after incentive pool ($m) | F30: ='Equity Funding'!F30 -> 8386.1841 | G30: ='Equity Funding'!G30 -> 9890.8034 | H30: ='Equity Funding'!H30 -> 11386.454 | I30: ='Equity Funding'!I30 -> 12986.764 | J30: ='Equity Funding'!J30 -> 14671.23
B31: European (whole-fund) waterfall
B32: Tier 1: return of paid-in capital to LPs | F32: =MIN(F30,F25) -> 5930.5367 | G32: =MIN(G30,G25) -> 6058.3756 | H32: =MIN(H30,H25) -> 6185.8652 | I32: =MIN(I30,I25) -> 6313.3548 | J32: =MIN(J30,J25) -> 6434.2429
B33: Cash remaining | F33: =F30-F32 -> 2455.6474 | G33: =G30-G32 -> 3832.4277 | H33: =H30-H32 -> 5200.5885 | I33: =I30-I32 -> 6673.4088 | J33: =J30-J32 -> 8236.9876
B34: Tier 2: preferred return to LPs | F34: =MIN(F33,F28) -> 729.24446 | G34: =MIN(G33,G28) -> 1273.7999 | H34: =MIN(H33,H28) -> 1870.5731 | I34: =MIN(I33,I28) -> 2525.2874 | J34: =MIN(J33,J28) -> 3242.0498
B35: Cash remaining | F35: =F33-F34 -> 1726.4029 | G35: =G33-G34 -> 2558.6278 | H35: =H33-H34 -> 3330.0154 | I35: =I33-I34 -> 4148.1215 | J35: =J33-J34 -> 4994.9378
B36: Tier 3: GP catch-up distributions | F36: =MIN(F35,Assumptions!$D$23*F34/(Assumptions!$D$22-Assumptions!$D$23)) -> 182.31111 | G36: =MIN(G35,Assumptions!$D$23*G34/(Assumptions!$D$22-Assumptions!$D$23)) -> 318.44998 | H36: =MIN(H35,Assumptions!$D$23*H34/(Assumptions!$D$22-Assumptions!$D$23)) -> 467.64328 | I36: =MIN(I35,Assumptions!$D$23*I34/(Assumptions!$D$22-Assumptions!$D$23)) -> 631.32184 | J36: =MIN(J35,Assumptions!$D$23*J34/(Assumptions!$D$22-Assumptions!$D$23)) -> 810.51244
B37: of which to GP | F37: =Assumptions!$D$22*F36 -> 182.31111 | G37: =Assumptions!$D$22*G36 -> 318.44998 | H37: =Assumptions!$D$22*H36 -> 467.64328 | I37: =Assumptions!$D$22*I36 -> 631.32184 | J37: =Assumptions!$D$22*J36 -> 810.51244
B38: Cash remaining | F38: =F35-F36 -> 1544.0918 | G38: =G35-G36 -> 2240.1778 | H38: =H35-H36 -> 2862.3721 | I38: =I35-I36 -> 3516.7996 | J38: =J35-J36 -> 4184.4254
B39: Tier 4: 80% to LPs | F39: =(1-Assumptions!$D$23)*F38 -> 1235.2735 | G39: =(1-Assumptions!$D$23)*G38 -> 1792.1423 | H39: =(1-Assumptions!$D$23)*H38 -> 2289.8977 | I39: =(1-Assumptions!$D$23)*I38 -> 2813.4397 | J39: =(1-Assumptions!$D$23)*J38 -> 3347.5403
B40: Tier 4: 20% to GP | F40: =Assumptions!$D$23*F38 -> 308.81836 | G40: =Assumptions!$D$23*G38 -> 448.03557 | H40: =Assumptions!$D$23*H38 -> 572.47443 | I40: =Assumptions!$D$23*I38 -> 703.35992 | J40: =Assumptions!$D$23*J38 -> 836.88507
B41: LP distributions, European ($m) | F41: =F32+F34+F36-F37+F39 -> 7895.0547 | G41: =G32+G34+G36-G37+G39 -> 9124.3178 | H41: =H32+H34+H36-H37+H39 -> 10346.336 | I41: =I32+I34+I36-I37+I39 -> 11652.082 | J41: =J32+J34+J36-J37+J39 -> 13023.833
B42: GP carried interest, European ($m) | F42: =F37+F40 -> 491.12948 | G42: =G37+G40 -> 766.48555 | H42: =H37+H40 -> 1040.1177 | I42: =I37+I40 -> 1334.6818 | J42: =J37+J40 -> 1647.3975
B43: GP carry, % of fund profit | F43: =IF(F30>F25,F42/(F30-F25),0) -> 0.2 | G43: =IF(G30>G25,G42/(G30-G25),0) -> 0.2 | H43: =IF(H30>H25,H42/(H30-H25),0) -> 0.2 | I43: =IF(I30>I25,I42/(I30-I25),0) -> 0.2 | J43: =IF(J30>J25,J42/(J30-J25),0) -> 0.2
B44: LP net MOIC, European | F44: =F41/F25 -> 1.3312547 | G44: =G41/G25 -> 1.5060667 | H44: =H41/H25 -> 1.672577 | I44: =I41/I25 -> 1.8456244 | J44: =J41/J25 -> 2.0241438
B45: LP net XIRR, European | F45: =XIRR(F83:F89,$C$83:$C$89) -> 0.20905277 | G45: =XIRR(G83:G89,$C$83:$C$89) -> 0.17940716 | H45: =XIRR(H83:H89,$C$83:$C$89) -> 0.16136125 | I45: =XIRR(I83:I89,$C$83:$C$89) -> 0.15008512 | J45: =XIRR(J83:J89,$C$83:$C$89) -> 0.14177312
B47: American (deal-by-deal) waterfall: deal capital and its preferred return only
B48: Tier 1: return of deal capital to LPs | F48: =MIN(F30,F23) -> 5737.032 | G48: =MIN(G30,G23) -> 5737.032 | H48: =MIN(H30,H23) -> 5737.032 | I48: =MIN(I30,I23) -> 5737.032 | J48: =MIN(J30,J23) -> 5737.032
B49: Cash remaining | F49: =F30-F48 -> 2649.1522 | G49: =G30-G48 -> 4153.7714 | H49: =H30-H48 -> 5649.4218 | I49: =I30-I48 -> 7249.7317 | J49: =J30-J48 -> 8934.1985
B50: Tier 2: preferred return on deal capital to LPs | F50: =MIN(F49,F26) -> 710.86547 | G50: =MIN(G49,G26) -> 1228.1657 | H50: =MIN(H49,H26) -> 1785.3816 | I50: =MIN(I49,I26) -> 2387.1746 | J50: =MIN(J49,J26) -> 3037.1112
B51: Cash remaining | F51: =F49-F50 -> 1938.2867 | G51: =G49-G50 -> 2925.6056 | H51: =H49-H50 -> 3864.0402 | I51: =I49-I50 -> 4862.557 | J51: =J49-J50 -> 5897.0873
B52: Tier 3: GP catch-up distributions | F52: =MIN(F51,Assumptions!$D$23*F50/(Assumptions!$D$22-Assumptions!$D$23)) -> 177.71637 | G52: =MIN(G51,Assumptions!$D$23*G50/(Assumptions!$D$22-Assumptions!$D$23)) -> 307.04143 | H52: =MIN(H51,Assumptions!$D$23*H50/(Assumptions!$D$22-Assumptions!$D$23)) -> 446.34539 | I52: =MIN(I51,Assumptions!$D$23*I50/(Assumptions!$D$22-Assumptions!$D$23)) -> 596.79366 | J52: =MIN(J51,Assumptions!$D$23*J50/(Assumptions!$D$22-Assumptions!$D$23)) -> 759.27779
B53: of which to GP | F53: =Assumptions!$D$22*F52 -> 177.71637 | G53: =Assumptions!$D$22*G52 -> 307.04143 | H53: =Assumptions!$D$22*H52 -> 446.34539 | I53: =Assumptions!$D$22*I52 -> 596.79366 | J53: =Assumptions!$D$22*J52 -> 759.27779
B54: Cash remaining | F54: =F51-F52 -> 1760.5703 | G54: =G51-G52 -> 2618.5642 | H54: =H51-H52 -> 3417.6948 | I54: =I51-I52 -> 4265.7634 | J54: =J51-J52 -> 5137.8095
B55: Tier 4: 80% to LPs | F55: =(1-Assumptions!$D$23)*F54 -> 1408.4563 | G55: =(1-Assumptions!$D$23)*G54 -> 2094.8514 | H55: =(1-Assumptions!$D$23)*H54 -> 2734.1559 | I55: =(1-Assumptions!$D$23)*I54 -> 3412.6107 | J55: =(1-Assumptions!$D$23)*J54 -> 4110.2476
B56: Tier 4: 20% to GP | F56: =Assumptions!$D$23*F54 -> 352.11406 | G56: =Assumptions!$D$23*G54 -> 523.71284 | H56: =Assumptions!$D$23*H54 -> 683.53897 | I56: =Assumptions!$D$23*I54 -> 853.15267 | J56: =Assumptions!$D$23*J54 -> 1027.5619
B57: LP distributions, American, before clawback ($m) | F57: =F48+F50+F52-F53+F55 -> 7856.3537 | G57: =G48+G50+G52-G53+G55 -> 9060.0491 | H57: =H48+H50+H52-H53+H55 -> 10256.569 | I57: =I48+I50+I52-I53+I55 -> 11536.817 | J57: =J48+J50+J52-J53+J55 -> 12884.391
B58: GP carried interest, American, before clawback ($m) | F58: =F53+F56 -> 529.83043 | G58: =G53+G56 -> 830.75427 | H58: =H53+H56 -> 1129.8844 | I58: =I53+I56 -> 1449.9463 | J58: =J53+J56 -> 1786.8397
B59: (–) GP clawback at fund wind-up (vs. whole-of-life carry) | F59: =-MAX(0,F58-F42) -> -38.700952 | G59: =-MAX(0,G58-G42) -> -64.26873 | H59: =-MAX(0,H58-H42) -> -89.76665 | I59: =-MAX(0,I58-I42) -> -115.26457 | J59: =-MAX(0,J58-J42) -> -139.44219
B60: GP carried interest, American, after clawback ($m) | F60: =F58+F59 -> 491.12948 | G60: =G58+G59 -> 766.48555 | H60: =H58+H59 -> 1040.1177 | I60: =I58+I59 -> 1334.6818 | J60: =J58+J59 -> 1647.3975
B61: LP distributions, American, after clawback ($m) | F61: =F57-F59 -> 7895.0547 | G61: =G57-G59 -> 9124.3178 | H61: =H57-H59 -> 10346.336 | I61: =I57-I59 -> 11652.082 | J61: =J57-J59 -> 13023.833
B62: LP net MOIC, American, before clawback | F62: =F57/F25 -> 1.3247289 | G62: =G57/G25 -> 1.4954585 | H62: =H57/H25 -> 1.6580654 | I62: =I57/I25 -> 1.8273672 | J62: =J57/J25 -> 2.0024719
B63: LP net XIRR, American, before clawback | F63: =XIRR(F93:F99,$C$93:$C$99) -> 0.20511855 | G63: =XIRR(G93:G99,$C$93:$C$99) -> 0.17605754 | H63: =XIRR(H93:H99,$C$93:$C$99) -> 0.15843074 | I63: =XIRR(I93:I99,$C$93:$C$99) -> 0.147492 | J63: =XIRR(J93:J99,$C$93:$C$99) -> 0.13948043
B65: Gross to net
B66: Gross MOIC (deal, before incentive pool) | F66: ='Deal Returns'!F26 -> 1.5019169 | G66: ='Deal Returns'!G26 -> 1.7869869 | H66: ='Deal Returns'!H26 -> 2.0703576 | I66: ='Deal Returns'!I26 -> 2.3735575 | J66: ='Deal Returns'!J26 -> 2.692702
B67: Gross XIRR (deal, before incentive pool) | F67: ='Deal Returns'!F25 -> 0.30732097 | G67: ='Deal Returns'!G25 -> 0.25900198 | H67: ='Deal Returns'!H25 -> 0.22962205 | I67: ='Deal Returns'!I25 -> 0.21071793 | J67: ='Deal Returns'!J25 -> 0.19653367
B68: Gross MOIC, after incentive pool | F68: ='Equity Funding'!F33 -> 1.4617635 | G68: ='Equity Funding'!G33 -> 1.7240279 | H68: ='Equity Funding'!H33 -> 1.984729 | I68: ='Equity Funding'!I33 -> 2.2636729 | J68: ='Equity Funding'!J33 -> 2.5572858
B69: Gross XIRR, after incentive pool | F69: ='Equity Funding'!F35 -> 0.28418748 | G69: ='Equity Funding'!G35 -> 0.24121318 | H69: ='Equity Funding'!H35 -> 0.21495739 | I69: ='Equity Funding'!I35 -> 0.19808901 | J69: ='Equity Funding'!J35 -> 0.18540218
B70: LP XIRR, net of fees, before carry | F70: =XIRR(F103:F109,$C$103:$C$109) -> 0.25842604 | G70: =XIRR(G103:G109,$C$103:$C$109) -> 0.21830155 | H70: =XIRR(H103:H109,$C$103:$C$109) -> 0.19405019 | I70: =XIRR(I103:I109,$C$103:$C$109) -> 0.17873141 | J70: =XIRR(J103:J109,$C$103:$C$109) -> 0.16742395
B71: LP net MOIC, European | F71: =F44 -> 1.3312547 | G71: =G44 -> 1.5060667 | H71: =H44 -> 1.672577 | I71: =I44 -> 1.8456244 | J71: =J44 -> 2.0241438
B72: LP net XIRR, European | F72: =F45 -> 0.20905277 | G72: =G45 -> 0.17940716 | H72: =H45 -> 0.16136125 | I72: =I45 -> 0.15008512 | J72: =J45 -> 0.14177312
B73: LP net MOIC, American (before clawback) | F73: =F62 -> 1.3247289 | G73: =G62 -> 1.4954585 | H73: =H62 -> 1.6580654 | I73: =I62 -> 1.8273672 | J73: =J62 -> 2.0024719
B74: LP net XIRR, American (before clawback) | F74: =F63 -> 0.20511855 | G74: =G63 -> 0.17605754 | H74: =H63 -> 0.15843074 | I74: =I63 -> 0.147492 | J74: =J63 -> 0.13948043
B75: Gross-to-net spread, XIRR (bps) | F75: =(F67-F72)*10000 -> 982.68199 | G75: =(G67-G72)*10000 -> 795.94815 | H75: =(H67-H72)*10000 -> 682.60801 | I75: =(I67-I72)*10000 -> 606.32813 | J75: =(J67-J72)*10000 -> 547.60551
B76: of which: incentive pool (bps) | F76: =(F67-F69)*10000 -> 231.33492 | G76: =(G67-G69)*10000 -> 177.88792 | H76: =(H67-H69)*10000 -> 146.64662 | I76: =(I67-I69)*10000 -> 126.28925 | J76: =(J67-J69)*10000 -> 111.31489
B77: of which: management fees (bps) | F77: =(F69-F70)*10000 -> 257.61437 | G77: =(G69-G70)*10000 -> 229.11632 | H77: =(H69-H70)*10000 -> 209.07199 | I77: =(I69-I70)*10000 -> 193.57598 | J77: =(J69-J70)*10000 -> 179.78239
B78: of which: carried interest (bps) | F78: =(F70-F72)*10000 -> 493.73269 | G78: =(G70-G72)*10000 -> 388.94391 | H78: =(H70-H72)*10000 -> 326.8894 | I78: =(I70-I72)*10000 -> 286.4629 | J78: =(J70-J72)*10000 -> 256.50823
B79: Gross-to-net spread, MOIC (x) | F79: =F66-F71 -> 0.17066223 | G79: =G66-G71 -> 0.28092017 | H79: =H66-H71 -> 0.39778059 | I79: =I66-I71 -> 0.52793304 | J79: =J66-J71 -> 0.66855816
B81: LP cash flows by exit year (dated): European
C82: Date | D82: Fee called | F82: =F$22 -> 46752 | G82: =G$22 -> 47118 | H82: =H$22 -> 47483 | I82: =I$22 -> 47848 | J82: =J$22 -> 48213
B83: (–) Capital called at close, and fees | C83: =D$11 -> 46198 | D83: =D$17 -> 66.015163 | F83: =IF($C83=$D$11,-$D$6,0)-IF($C83<F$22,$D83,0)+IF($C83=F$22,F$41,0) -> -5803.0471 | G83: =IF($C83=$D$11,-$D$6,0)-IF($C83<G$22,$D83,0)+IF($C83=G$22,G$41,0) -> -5803.0471 | H83: =IF($C83=$D$11,-$D$6,0)-IF($C83<H$22,$D83,0)+IF($C83=H$22,H$41,0) -> -5803.0471 | I83: =IF($C83=$D$11,-$D$6,0)-IF($C83<I$22,$D83,0)+IF($C83=I$22,I$41,0) -> -5803.0471 | J83: =IF($C83=$D$11,-$D$6,0)-IF($C83<J$22,$D83,0)+IF($C83=J$22,J$41,0) -> -5803.0471
B84: (–) Fees called / (+) distribution at exit | C84: =E$11 -> 46387 | D84: =E$17 -> 127.4896 | F84: =IF($C84=$D$11,-$D$6,0)-IF($C84<F$22,$D84,0)+IF($C84=F$22,F$41,0) -> -127.4896 | G84: =IF($C84=$D$11,-$D$6,0)-IF($C84<G$22,$D84,0)+IF($C84=G$22,G$41,0) -> -127.4896 | H84: =IF($C84=$D$11,-$D$6,0)-IF($C84<H$22,$D84,0)+IF($C84=H$22,H$41,0) -> -127.4896 | I84: =IF($C84=$D$11,-$D$6,0)-IF($C84<I$22,$D84,0)+IF($C84=I$22,I$41,0) -> -127.4896 | J84: =IF($C84=$D$11,-$D$6,0)-IF($C84<J$22,$D84,0)+IF($C84=J$22,J$41,0) -> -127.4896
B85: (–) Fees called / (+) distribution at exit | C85: =F$11 -> 46752 | D85: =F$17 -> 127.83889 | F85: =IF($C85=$D$11,-$D$6,0)-IF($C85<F$22,$D85,0)+IF($C85=F$22,F$41,0) -> 7895.0547 | G85: =IF($C85=$D$11,-$D$6,0)-IF($C85<G$22,$D85,0)+IF($C85=G$22,G$41,0) -> -127.83889 | H85: =IF($C85=$D$11,-$D$6,0)-IF($C85<H$22,$D85,0)+IF($C85=H$22,H$41,0) -> -127.83889 | I85: =IF($C85=$D$11,-$D$6,0)-IF($C85<I$22,$D85,0)+IF($C85=I$22,I$41,0) -> -127.83889 | J85: =IF($C85=$D$11,-$D$6,0)-IF($C85<J$22,$D85,0)+IF($C85=J$22,J$41,0) -> -127.83889
B86: (–) Fees called / (+) distribution at exit | C86: =G$11 -> 47118 | D86: =G$17 -> 127.4896 | F86: =IF($C86=$D$11,-$D$6,0)-IF($C86<F$22,$D86,0)+IF($C86=F$22,F$41,0) -> 0 | G86: =IF($C86=$D$11,-$D$6,0)-IF($C86<G$22,$D86,0)+IF($C86=G$22,G$41,0) -> 9124.3178 | H86: =IF($C86=$D$11,-$D$6,0)-IF($C86<H$22,$D86,0)+IF($C86=H$22,H$41,0) -> -127.4896 | I86: =IF($C86=$D$11,-$D$6,0)-IF($C86<I$22,$D86,0)+IF($C86=I$22,I$41,0) -> -127.4896 | J86: =IF($C86=$D$11,-$D$6,0)-IF($C86<J$22,$D86,0)+IF($C86=J$22,J$41,0) -> -127.4896
B87: (–) Fees called / (+) distribution at exit | C87: =H$11 -> 47483 | D87: =H$17 -> 127.4896 | F87: =IF($C87=$D$11,-$D$6,0)-IF($C87<F$22,$D87,0)+IF($C87=F$22,F$41,0) -> 0 | G87: =IF($C87=$D$11,-$D$6,0)-IF($C87<G$22,$D87,0)+IF($C87=G$22,G$41,0) -> 0 | H87: =IF($C87=$D$11,-$D$6,0)-IF($C87<H$22,$D87,0)+IF($C87=H$22,H$41,0) -> 10346.336 | I87: =IF($C87=$D$11,-$D$6,0)-IF($C87<I$22,$D87,0)+IF($C87=I$22,I$41,0) -> -127.4896 | J87: =IF($C87=$D$11,-$D$6,0)-IF($C87<J$22,$D87,0)+IF($C87=J$22,J$41,0) -> -127.4896
B88: (–) Fees called / (+) distribution at exit | C88: =I$11 -> 47848 | D88: =I$17 -> 120.88808 | F88: =IF($C88=$D$11,-$D$6,0)-IF($C88<F$22,$D88,0)+IF($C88=F$22,F$41,0) -> 0 | G88: =IF($C88=$D$11,-$D$6,0)-IF($C88<G$22,$D88,0)+IF($C88=G$22,G$41,0) -> 0 | H88: =IF($C88=$D$11,-$D$6,0)-IF($C88<H$22,$D88,0)+IF($C88=H$22,H$41,0) -> 0 | I88: =IF($C88=$D$11,-$D$6,0)-IF($C88<I$22,$D88,0)+IF($C88=I$22,I$41,0) -> 11652.082 | J88: =IF($C88=$D$11,-$D$6,0)-IF($C88<J$22,$D88,0)+IF($C88=J$22,J$41,0) -> -120.88808
B89: (–) Fees called / (+) distribution at exit | C89: =J$11 -> 48213 | D89: =J$17 -> 0 | F89: =IF($C89=$D$11,-$D$6,0)-IF($C89<F$22,$D89,0)+IF($C89=F$22,F$41,0) -> 0 | G89: =IF($C89=$D$11,-$D$6,0)-IF($C89<G$22,$D89,0)+IF($C89=G$22,G$41,0) -> 0 | H89: =IF($C89=$D$11,-$D$6,0)-IF($C89<H$22,$D89,0)+IF($C89=H$22,H$41,0) -> 0 | I89: =IF($C89=$D$11,-$D$6,0)-IF($C89<I$22,$D89,0)+IF($C89=I$22,I$41,0) -> 0 | J89: =IF($C89=$D$11,-$D$6,0)-IF($C89<J$22,$D89,0)+IF($C89=J$22,J$41,0) -> 13023.833
B91: LP cash flows by exit year (dated): American, before clawback
C92: Date | D92: Fee called | F92: =F$22 -> 46752 | G92: =G$22 -> 47118 | H92: =H$22 -> 47483 | I92: =I$22 -> 47848 | J92: =J$22 -> 48213
B93: (–) Capital called at close, and fees | C93: =D$11 -> 46198 | D93: =D$17 -> 66.015163 | F93: =IF($C93=$D$11,-$D$6,0)-IF($C93<F$22,$D93,0)+IF($C93=F$22,F$57,0) -> -5803.0471 | G93: =IF($C93=$D$11,-$D$6,0)-IF($C93<G$22,$D93,0)+IF($C93=G$22,G$57,0) -> -5803.0471 | H93: =IF($C93=$D$11,-$D$6,0)-IF($C93<H$22,$D93,0)+IF($C93=H$22,H$57,0) -> -5803.0471 | I93: =IF($C93=$D$11,-$D$6,0)-IF($C93<I$22,$D93,0)+IF($C93=I$22,I$57,0) -> -5803.0471 | J93: =IF($C93=$D$11,-$D$6,0)-IF($C93<J$22,$D93,0)+IF($C93=J$22,J$57,0) -> -5803.0471
B94: (–) Fees called / (+) distribution at exit | C94: =E$11 -> 46387 | D94: =E$17 -> 127.4896 | F94: =IF($C94=$D$11,-$D$6,0)-IF($C94<F$22,$D94,0)+IF($C94=F$22,F$57,0) -> -127.4896 | G94: =IF($C94=$D$11,-$D$6,0)-IF($C94<G$22,$D94,0)+IF($C94=G$22,G$57,0) -> -127.4896 | H94: =IF($C94=$D$11,-$D$6,0)-IF($C94<H$22,$D94,0)+IF($C94=H$22,H$57,0) -> -127.4896 | I94: =IF($C94=$D$11,-$D$6,0)-IF($C94<I$22,$D94,0)+IF($C94=I$22,I$57,0) -> -127.4896 | J94: =IF($C94=$D$11,-$D$6,0)-IF($C94<J$22,$D94,0)+IF($C94=J$22,J$57,0) -> -127.4896
B95: (–) Fees called / (+) distribution at exit | C95: =F$11 -> 46752 | D95: =F$17 -> 127.83889 | F95: =IF($C95=$D$11,-$D$6,0)-IF($C95<F$22,$D95,0)+IF($C95=F$22,F$57,0) -> 7856.3537 | G95: =IF($C95=$D$11,-$D$6,0)-IF($C95<G$22,$D95,0)+IF($C95=G$22,G$57,0) -> -127.83889 | H95: =IF($C95=$D$11,-$D$6,0)-IF($C95<H$22,$D95,0)+IF($C95=H$22,H$57,0) -> -127.83889 | I95: =IF($C95=$D$11,-$D$6,0)-IF($C95<I$22,$D95,0)+IF($C95=I$22,I$57,0) -> -127.83889 | J95: =IF($C95=$D$11,-$D$6,0)-IF($C95<J$22,$D95,0)+IF($C95=J$22,J$57,0) -> -127.83889
B96: (–) Fees called / (+) distribution at exit | C96: =G$11 -> 47118 | D96: =G$17 -> 127.4896 | F96: =IF($C96=$D$11,-$D$6,0)-IF($C96<F$22,$D96,0)+IF($C96=F$22,F$57,0) -> 0 | G96: =IF($C96=$D$11,-$D$6,0)-IF($C96<G$22,$D96,0)+IF($C96=G$22,G$57,0) -> 9060.0491 | H96: =IF($C96=$D$11,-$D$6,0)-IF($C96<H$22,$D96,0)+IF($C96=H$22,H$57,0) -> -127.4896 | I96: =IF($C96=$D$11,-$D$6,0)-IF($C96<I$22,$D96,0)+IF($C96=I$22,I$57,0) -> -127.4896 | J96: =IF($C96=$D$11,-$D$6,0)-IF($C96<J$22,$D96,0)+IF($C96=J$22,J$57,0) -> -127.4896
B97: (–) Fees called / (+) distribution at exit | C97: =H$11 -> 47483 | D97: =H$17 -> 127.4896 | F97: =IF($C97=$D$11,-$D$6,0)-IF($C97<F$22,$D97,0)+IF($C97=F$22,F$57,0) -> 0 | G97: =IF($C97=$D$11,-$D$6,0)-IF($C97<G$22,$D97,0)+IF($C97=G$22,G$57,0) -> 0 | H97: =IF($C97=$D$11,-$D$6,0)-IF($C97<H$22,$D97,0)+IF($C97=H$22,H$57,0) -> 10256.569 | I97: =IF($C97=$D$11,-$D$6,0)-IF($C97<I$22,$D97,0)+IF($C97=I$22,I$57,0) -> -127.4896 | J97: =IF($C97=$D$11,-$D$6,0)-IF($C97<J$22,$D97,0)+IF($C97=J$22,J$57,0) -> -127.4896
B98: (–) Fees called / (+) distribution at exit | C98: =I$11 -> 47848 | D98: =I$17 -> 120.88808 | F98: =IF($C98=$D$11,-$D$6,0)-IF($C98<F$22,$D98,0)+IF($C98=F$22,F$57,0) -> 0 | G98: =IF($C98=$D$11,-$D$6,0)-IF($C98<G$22,$D98,0)+IF($C98=G$22,G$57,0) -> 0 | H98: =IF($C98=$D$11,-$D$6,0)-IF($C98<H$22,$D98,0)+IF($C98=H$22,H$57,0) -> 0 | I98: =IF($C98=$D$11,-$D$6,0)-IF($C98<I$22,$D98,0)+IF($C98=I$22,I$57,0) -> 11536.817 | J98: =IF($C98=$D$11,-$D$6,0)-IF($C98<J$22,$D98,0)+IF($C98=J$22,J$57,0) -> -120.88808
B99: (–) Fees called / (+) distribution at exit | C99: =J$11 -> 48213 | D99: =J$17 -> 0 | F99: =IF($C99=$D$11,-$D$6,0)-IF($C99<F$22,$D99,0)+IF($C99=F$22,F$57,0) -> 0 | G99: =IF($C99=$D$11,-$D$6,0)-IF($C99<G$22,$D99,0)+IF($C99=G$22,G$57,0) -> 0 | H99: =IF($C99=$D$11,-$D$6,0)-IF($C99<H$22,$D99,0)+IF($C99=H$22,H$57,0) -> 0 | I99: =IF($C99=$D$11,-$D$6,0)-IF($C99<I$22,$D99,0)+IF($C99=I$22,I$57,0) -> 0 | J99: =IF($C99=$D$11,-$D$6,0)-IF($C99<J$22,$D99,0)+IF($C99=J$22,J$57,0) -> 12884.391
B101: LP cash flows by exit year (dated): net of fees, before carry
C102: Date | D102: Fee called | F102: =F$22 -> 46752 | G102: =G$22 -> 47118 | H102: =H$22 -> 47483 | I102: =I$22 -> 47848 | J102: =J$22 -> 48213
B103: (–) Capital called at close, and fees | C103: =D$11 -> 46198 | D103: =D$17 -> 66.015163 | F103: =IF($C103=$D$11,-$D$6,0)-IF($C103<F$22,$D103,0)+IF($C103=F$22,F$30,0) -> -5803.0471 | G103: =IF($C103=$D$11,-$D$6,0)-IF($C103<G$22,$D103,0)+IF($C103=G$22,G$30,0) -> -5803.0471 | H103: =IF($C103=$D$11,-$D$6,0)-IF($C103<H$22,$D103,0)+IF($C103=H$22,H$30,0) -> -5803.0471 | I103: =IF($C103=$D$11,-$D$6,0)-IF($C103<I$22,$D103,0)+IF($C103=I$22,I$30,0) -> -5803.0471 | J103: =IF($C103=$D$11,-$D$6,0)-IF($C103<J$22,$D103,0)+IF($C103=J$22,J$30,0) -> -5803.0471
B104: (–) Fees called / (+) distribution at exit | C104: =E$11 -> 46387 | D104: =E$17 -> 127.4896 | F104: =IF($C104=$D$11,-$D$6,0)-IF($C104<F$22,$D104,0)+IF($C104=F$22,F$30,0) -> -127.4896 | G104: =IF($C104=$D$11,-$D$6,0)-IF($C104<G$22,$D104,0)+IF($C104=G$22,G$30,0) -> -127.4896 | H104: =IF($C104=$D$11,-$D$6,0)-IF($C104<H$22,$D104,0)+IF($C104=H$22,H$30,0) -> -127.4896 | I104: =IF($C104=$D$11,-$D$6,0)-IF($C104<I$22,$D104,0)+IF($C104=I$22,I$30,0) -> -127.4896 | J104: =IF($C104=$D$11,-$D$6,0)-IF($C104<J$22,$D104,0)+IF($C104=J$22,J$30,0) -> -127.4896
B105: (–) Fees called / (+) distribution at exit | C105: =F$11 -> 46752 | D105: =F$17 -> 127.83889 | F105: =IF($C105=$D$11,-$D$6,0)-IF($C105<F$22,$D105,0)+IF($C105=F$22,F$30,0) -> 8386.1841 | G105: =IF($C105=$D$11,-$D$6,0)-IF($C105<G$22,$D105,0)+IF($C105=G$22,G$30,0) -> -127.83889 | H105: =IF($C105=$D$11,-$D$6,0)-IF($C105<H$22,$D105,0)+IF($C105=H$22,H$30,0) -> -127.83889 | I105: =IF($C105=$D$11,-$D$6,0)-IF($C105<I$22,$D105,0)+IF($C105=I$22,I$30,0) -> -127.83889 | J105: =IF($C105=$D$11,-$D$6,0)-IF($C105<J$22,$D105,0)+IF($C105=J$22,J$30,0) -> -127.83889
B106: (–) Fees called / (+) distribution at exit | C106: =G$11 -> 47118 | D106: =G$17 -> 127.4896 | F106: =IF($C106=$D$11,-$D$6,0)-IF($C106<F$22,$D106,0)+IF($C106=F$22,F$30,0) -> 0 | G106: =IF($C106=$D$11,-$D$6,0)-IF($C106<G$22,$D106,0)+IF($C106=G$22,G$30,0) -> 9890.8034 | H106: =IF($C106=$D$11,-$D$6,0)-IF($C106<H$22,$D106,0)+IF($C106=H$22,H$30,0) -> -127.4896 | I106: =IF($C106=$D$11,-$D$6,0)-IF($C106<I$22,$D106,0)+IF($C106=I$22,I$30,0) -> -127.4896 | J106: =IF($C106=$D$11,-$D$6,0)-IF($C106<J$22,$D106,0)+IF($C106=J$22,J$30,0) -> -127.4896
B107: (–) Fees called / (+) distribution at exit | C107: =H$11 -> 47483 | D107: =H$17 -> 127.4896 | F107: =IF($C107=$D$11,-$D$6,0)-IF($C107<F$22,$D107,0)+IF($C107=F$22,F$30,0) -> 0 | G107: =IF($C107=$D$11,-$D$6,0)-IF($C107<G$22,$D107,0)+IF($C107=G$22,G$30,0) -> 0 | H107: =IF($C107=$D$11,-$D$6,0)-IF($C107<H$22,$D107,0)+IF($C107=H$22,H$30,0) -> 11386.454 | I107: =IF($C107=$D$11,-$D$6,0)-IF($C107<I$22,$D107,0)+IF($C107=I$22,I$30,0) -> -127.4896 | J107: =IF($C107=$D$11,-$D$6,0)-IF($C107<J$22,$D107,0)+IF($C107=J$22,J$30,0) -> -127.4896
B108: (–) Fees called / (+) distribution at exit | C108: =I$11 -> 47848 | D108: =I$17 -> 120.88808 | F108: =IF($C108=$D$11,-$D$6,0)-IF($C108<F$22,$D108,0)+IF($C108=F$22,F$30,0) -> 0 | G108: =IF($C108=$D$11,-$D$6,0)-IF($C108<G$22,$D108,0)+IF($C108=G$22,G$30,0) -> 0 | H108: =IF($C108=$D$11,-$D$6,0)-IF($C108<H$22,$D108,0)+IF($C108=H$22,H$30,0) -> 0 | I108: =IF($C108=$D$11,-$D$6,0)-IF($C108<I$22,$D108,0)+IF($C108=I$22,I$30,0) -> 12986.764 | J108: =IF($C108=$D$11,-$D$6,0)-IF($C108<J$22,$D108,0)+IF($C108=J$22,J$30,0) -> -120.88808
B109: (–) Fees called / (+) distribution at exit | C109: =J$11 -> 48213 | D109: =J$17 -> 0 | F109: =IF($C109=$D$11,-$D$6,0)-IF($C109<F$22,$D109,0)+IF($C109=F$22,F$30,0) -> 0 | G109: =IF($C109=$D$11,-$D$6,0)-IF($C109<G$22,$D109,0)+IF($C109=G$22,G$30,0) -> 0 | H109: =IF($C109=$D$11,-$D$6,0)-IF($C109<H$22,$D109,0)+IF($C109=H$22,H$30,0) -> 0 | I109: =IF($C109=$D$11,-$D$6,0)-IF($C109<I$22,$D109,0)+IF($C109=I$22,I$30,0) -> 0 | J109: =IF($C109=$D$11,-$D$6,0)-IF($C109<J$22,$D109,0)+IF($C109=J$22,J$30,0) -> 14671.23
B112: Management Case: Distribution Waterfall by Exit Year
B113: Exit at fiscal year-end | F113: ='Deal Returns'!F67 -> 46752 | G113: ='Deal Returns'!G67 -> 47118 | H113: ='Deal Returns'!H67 -> 47483 | I113: ='Deal Returns'!I67 -> 47848 | J113: ='Deal Returns'!J67 -> 48213
...

Sheet LP View
B2: LP View: Net Cash Flows, DPI, RVPI and TVPI by Year (European Waterfall)
B3: ($ in millions; residual value marked at the LBO's implied equity value each year-end, after incentive pool and accrued carry)
B4: Exit at (selected on Assumptions) | D4: =Assumptions!D6 -> 47848
B6: Outside-in Case: LP Net Cash Flows and Multiples
B7: Date | D7: ='Fund Waterfall'!D11 -> 46198 | E7: ='Fund Waterfall'!E11 -> 46387 | F7: ='Fund Waterfall'!F11 -> 46752 | G7: ='Fund Waterfall'!G11 -> 47118 | H7: ='Fund Waterfall'!H11 -> 47483 | I7: ='Fund Waterfall'!I11 -> 47848 | J7: ='Fund Waterfall'!J11 -> 48213
B8: (–) Capital called for the deal | D8: =IF(D$7='Fund Waterfall'!$D$11,-'Fund Waterfall'!$D$6,0) -> -5737.032 | E8: =IF(E$7='Fund Waterfall'!$D$11,-'Fund Waterfall'!$D$6,0) -> 0 | F8: =IF(F$7='Fund Waterfall'!$D$11,-'Fund Waterfall'!$D$6,0) -> 0 | G8: =IF(G$7='Fund Waterfall'!$D$11,-'Fund Waterfall'!$D$6,0) -> 0 | H8: =IF(H$7='Fund Waterfall'!$D$11,-'Fund Waterfall'!$D$6,0) -> 0 | I8: =IF(I$7='Fund Waterfall'!$D$11,-'Fund Waterfall'!$D$6,0) -> 0 | J8: =IF(J$7='Fund Waterfall'!$D$11,-'Fund Waterfall'!$D$6,0) -> 0
B9: (–) Management fees called | D9: =-IF(D$7<Assumptions!$D$6,'Fund Waterfall'!D$17,0) -> -66.015163 | E9: =-IF(E$7<Assumptions!$D$6,'Fund Waterfall'!E$17,0) -> -127.4896 | F9: =-IF(F$7<Assumptions!$D$6,'Fund Waterfall'!F$17,0) -> -127.83889 | G9: =-IF(G$7<Assumptions!$D$6,'Fund Waterfall'!G$17,0) -> -127.4896 | H9: =-IF(H$7<Assumptions!$D$6,'Fund Waterfall'!H$17,0) -> -127.4896 | I9: =-IF(I$7<Assumptions!$D$6,'Fund Waterfall'!I$17,0) -> 0 | J9: =-IF(J$7<Assumptions!$D$6,'Fund Waterfall'!J$17,0) -> 0
B10: (+) Distributions to LPs | D10: =IF(D$7=Assumptions!$D$6,INDEX('Fund Waterfall'!$F$41:$J$41,MATCH(Assumptions!$D$6,'Fund Waterfall'!$F$22:$J$22,0)),0) -> 0 | E10: =IF(E$7=Assumptions!$D$6,INDEX('Fund Waterfall'!$F$41:$J$41,MATCH(Assumptions!$D$6,'Fund Waterfall'!$F$22:$J$22,0)),0) -> 0 | F10: =IF(F$7=Assumptions!$D$6,INDEX('Fund Waterfall'!$F$41:$J$41,MATCH(Assumptions!$D$6,'Fund Waterfall'!$F$22:$J$22,0)),0) -> 0 | G10: =IF(G$7=Assumptions!$D$6,INDEX('Fund Waterfall'!$F$41:$J$41,MATCH(Assumptions!$D$6,'Fund Waterfall'!$F$22:$J$22,0)),0) -> 0 | H10: =IF(H$7=Assumptions!$D$6,INDEX('Fund Waterfall'!$F$41:$J$41,MATCH(Assumptions!$D$6,'Fund Waterfall'!$F$22:$J$22,0)),0) -> 0 | I10: =IF(I$7=Assumptions!$D$6,INDEX('Fund Waterfall'!$F$41:$J$41,MATCH(Assumptions!$D$6,'Fund Waterfall'!$F$22:$J$22,0)),0) -> 11652.082 | J10: =IF(J$7=Assumptions!$D$6,INDEX('Fund Waterfall'!$F$41:$J$41,MATCH(Assumptions!$D$6,'Fund Waterfall'!$F$22:$J$22,0)),0) -> 0
B11: Net cash flow to LPs ($m) | D11: =SUM(D8:D10) -> -5803.0471 | E11: =SUM(E8:E10) -> -127.4896 | F11: =SUM(F8:F10) -> -127.83889 | G11: =SUM(G8:G10) -> -127.4896 | H11: =SUM(H8:H10) -> -127.4896 | I11: =SUM(I8:I10) -> 11652.082 | J11: =SUM(J8:J10) -> 0
B12: Cumulative net cash flow (J-curve) | D12: =SUM($D11:D11) -> -5803.0471 | E12: =SUM($D11:E11) -> -5930.5367 | F12: =SUM($D11:F11) -> -6058.3756 | G12: =SUM($D11:G11) -> -6185.8652 | H12: =SUM($D11:H11) -> -6313.3548 | I12: =SUM($D11:I11) -> 5338.727 | J12: =SUM($D11:J11) -> 5338.727
B14: Paid-in capital, cumulative | D14: =-SUM($D8:D9) -> 5803.0471 | E14: =-SUM($D8:E9) -> 5930.5367 | F14: =-SUM($D8:F9) -> 6058.3756 | G14: =-SUM($D8:G9) -> 6185.8652 | H14: =-SUM($D8:H9) -> 6313.3548 | I14: =-SUM($D8:I9) -> 6313.3548 | J14: =-SUM($D8:J9) -> 6313.3548
B15: Distributions, cumulative | D15: =SUM($D10:D10) -> 0 | E15: =SUM($D10:E10) -> 0 | F15: =SUM($D10:F10) -> 0 | G15: =SUM($D10:G10) -> 0 | H15: =SUM($D10:H10) -> 0 | I15: =SUM($D10:I10) -> 11652.082 | J15: =SUM($D10:J10) -> 11652.082
B16: Implied equity value (LBO; cost at close) | D16: ='LBO Inputs'!$D$10 -> 5737.032 | E16: =('LBO Inputs'!$D$24+Assumptions!$D$7)*'LBO Inputs'!F21-'LBO Inputs'!E23 -> 7250.7577 | F16: ='Deal Returns'!F14 -> 8616.5452 | G16: ='Deal Returns'!G14 -> 10252.001 | H16: ='Deal Returns'!H14 -> 11877.708 | I16: ='Deal Returns'!I14 -> 13617.175 | J16: ='Deal Returns'!J14 -> 15448.117
B17: (–) Management incentive pool on implied value | D17: =-Assumptions!$D$12*MAX(0,D16-'LBO Inputs'!$D$10*Assumptions!$D$13)*IF(Assumptions!$D$15=1,1,MIN(1,YEARFRAC('Fund Waterfall'!$D$11,D$7,1)/Assumptions!$D$14)) -> 0 | E17: =-Assumptions!$D$12*MAX(0,E16-'LBO Inputs'!$D$10*Assumptions!$D$13)*IF(Assumptions!$D$15=1,1,MIN(1,YEARFRAC('Fund Waterfall'!$D$11,E$7,1)/Assumptions!$D$14)) -> -121.09806 | F17: =-Assumptions!$D$12*MAX(0,F16-'LBO Inputs'!$D$10*Assumptions!$D$13)*IF(Assumptions!$D$15=1,1,MIN(1,YEARFRAC('Fund Waterfall'!$D$11,F$7,1)/Assumptions!$D$14)) -> -230.36106 | G17: =-Assumptions!$D$12*MAX(0,G16-'LBO Inputs'!$D$10*Assumptions!$D$13)*IF(Assumptions!$D$15=1,1,MIN(1,YEARFRAC('Fund Waterfall'!$D$11,G$7,1)/Assumptions!$D$14)) -> -361.19751 | H17: =-Assumptions!$D$12*MAX(0,H16-'LBO Inputs'!$D$10*Assumptions!$D$13)*IF(Assumptions!$D$15=1,1,MIN(1,YEARFRAC('Fund Waterfall'!$D$11,H$7,1)/Assumptions!$D$14)) -> -491.25407 | I17: =-Assumptions!$D$12*MAX(0,I16-'LBO Inputs'!$D$10*Assumptions!$D$13)*IF(Assumptions!$D$15=1,1,MIN(1,YEARFRAC('Fund Waterfall'!$D$11,I$7,1)/Assumptions!$D$14)) -> -630.41145 | J17: =-Assumptions!$D$12*MAX(0,J16-'LBO Inputs'!$D$10*Assumptions!$D$13)*IF(Assumptions!$D$15=1,1,MIN(1,YEARFRAC('Fund Waterfall'!$D$11,J$7,1)/Assumptions!$D$14)) -> -776.88683
B18: Fund NAV, before carry | D18: =D16+D17 -> 5737.032 | E18: =E16+E17 -> 7129.6597 | F18: =F16+F17 -> 8386.1841 | G18: =G16+G17 -> 9890.8034 | H18: =H16+H17 -> 11386.454 | I18: =I16+I17 -> 12986.764 | J18: =J16+J17 -> 14671.23
B19: Preferred return accrued to date | D19: ='Fund Waterfall'!$D$6*((1+Assumptions!$D$21)^((D$7-'Fund Waterfall'!$D$11)/Assumptions!$D$24)-1)+SUMPRODUCT('Fund Waterfall'!$D$17:$J$17*((1+Assumptions!$D$21)^((D$7-'Fund Waterfall'!$D$11:$J$11)/Assumptions!$D$24)-1)*('Fund Waterfall'!$D$11:$J$11<D$7)) -> 0 | E19: ='Fund Waterfall'!$D$6*((1+Assumptions!$D$21)^((E$7-'Fund Waterfall'!$D$11)/Assumptions!$D$24)-1)+SUMPRODUCT('Fund Waterfall'!$D$17:$J$17*((1+Assumptions!$D$21)^((E$7-'Fund Waterfall'!$D$11:$J$11)/Assumptions!$D$24)-1)*('Fund Waterfall'!$D$11:$J$11<E$7)) -> 235.92733 | F19: ='Fund Waterfall'!$D$6*((1+Assumptions!$D$21)^((F$7-'Fund Waterfall'!$D$11)/Assumptions!$D$24)-1)+SUMPRODUCT('Fund Waterfall'!$D$17:$J$17*((1+Assumptions!$D$21)^((F$7-'Fund Waterfall'!$D$11:$J$11)/Assumptions!$D$24)-1)*('Fund Waterfall'!$D$11:$J$11<F$7)) -> 729.24446 | G19: ='Fund Waterfall'!$D$6*((1+Assumptions!$D$21)^((G$7-'Fund Waterfall'!$D$11)/Assumptions!$D$24)-1)+SUMPRODUCT('Fund Waterfall'!$D$17:$J$17*((1+Assumptions!$D$21)^((G$7-'Fund Waterfall'!$D$11:$J$11)/Assumptions!$D$24)-1)*('Fund Waterfall'!$D$11:$J$11<G$7)) -> 1273.7999 | H19: ='Fund Waterfall'!$D$6*((1+Assumptions!$D$21)^((H$7-'Fund Waterfall'!$D$11)/Assumptions!$D$24)-1)+SUMPRODUCT('Fund Waterfall'!$D$17:$J$17*((1+Assumptions!$D$21)^((H$7-'Fund Waterfall'!$D$11:$J$11)/Assumptions!$D$24)-1)*('Fund Waterfall'!$D$11:$J$11<H$7)) -> 1870.5731 | I19: ='Fund Waterfall'!$D$6*((1+Assumptions!$D$21)^((I$7-'Fund Waterfall'!$D$11)/Assumptions!$D$24)-1)+SUMPRODUCT('Fund Waterfall'!$D$17:$J$17*((1+Assumptions!$D$21)^((I$7-'Fund Waterfall'!$D$11:$J$11)/Assumptions!$D$24)-1)*('Fund Waterfall'!$D$11:$J$11<I$7)) -> 2525.2874 | J19: ='Fund Waterfall'!$D$6*((1+Assumptions!$D$21)^((J$7-'Fund Waterfall'!$D$11)/Assumptions!$D$24)-1)+SUMPRODUCT('Fund Waterfall'!$D$17:$J$17*((1+Assumptions!$D$21)^((J$7-'Fund Waterfall'!$D$11:$J$11)/Assumptions!$D$24)-1)*('Fund Waterfall'!$D$11:$J$11<J$7)) -> 3242.0498
B20: (–) Accrued carried interest (hypothetical liquidation) | D20: =-(Assumptions!$D$22*MIN(MAX(0,D18-D14-D19),Assumptions!$D$23*D19/(Assumptions!$D$22-Assumptions!$D$23))+Assumptions!$D$23*MAX(0,MAX(0,D18-D14-D19)-Assumptions!$D$23*D19/(Assumptions!$D$22-Assumptions!$D$23))) -> 0 | E20: =-(Assumptions!$D$22*MIN(MAX(0,E18-E14-E19),Assumptions!$D$23*E19/(Assumptions!$D$22-Assumptions!$D$23))+Assumptions!$D$23*MAX(0,MAX(0,E18-E14-E19)-Assumptions!$D$23*E19/(Assumptions!$D$22-Assumptions!$D$23))) -> -239.82459 | F20: =-(Assumptions!$D$22*MIN(MAX(0,F18-F14-F19),Assumptions!$D$23*F19/(Assumptions!$D$22-Assumptions!$D$23))+Assumptions!$D$23*MAX(0,MAX(0,F18-F14-F19)-Assumptions!$D$23*F19/(Assumptions!$D$22-Assumptions!$D$23))) -> -465.5617 | G20: =-(Assumptions!$D$22*MIN(MAX(0,G18-G14-G19),Assumptions!$D$23*G19/(Assumptions!$D$22-Assumptions!$D$23))+Assumptions!$D$23*MAX(0,MAX(0,G18-G14-G19)-Assumptions!$D$23*G19/(Assumptions!$D$22-Assumptions!$D$23))) -> -740.98763 | H20: =-(Assumptions!$D$22*MIN(MAX(0,H18-H14-H19),Assumptions!$D$23*H19/(Assumptions!$D$22-Assumptions!$D$23))+Assumptions!$D$23*MAX(0,MAX(0,H18-H14-H19)-Assumptions!$D$23*H19/(Assumptions!$D$22-Assumptions!$D$23))) -> -1014.6198 | I20: =-(Assumptions!$D$22*MIN(MAX(0,I18-I14-I19),Assumptions!$D$23*I19/(Assumptions!$D$22-Assumptions!$D$23))+Assumptions!$D$23*MAX(0,MAX(0,I18-I14-I19)-Assumptions!$D$23*I19/(Assumptions!$D$22-Assumptions!$D$23))) -> -1334.6818 | J20: =-(Assumptions!$D$22*MIN(MAX(0,J18-J14-J19),Assumptions!$D$23*J19/(Assumptions!$D$22-Assumptions!$D$23))+Assumptions!$D$23*MAX(0,MAX(0,J18-J14-J19)-Assumptions!$D$23*J19/(Assumptions!$D$22-Assumptions!$D$23))) -> -1671.5751
B21: Residual value to LPs (NAV) ($m) | D21: =IF(D$7<Assumptions!$D$6,D18+D20,0) -> 5737.032 | E21: =IF(E$7<Assumptions!$D$6,E18+E20,0) -> 6889.8351 | F21: =IF(F$7<Assumptions!$D$6,F18+F20,0) -> 7920.6224 | G21: =IF(G$7<Assumptions!$D$6,G18+G20,0) -> 9149.8157 | H21: =IF(H$7<Assumptions!$D$6,H18+H20,0) -> 10371.834 | I21: =IF(I$7<Assumptions!$D$6,I18+I20,0) -> 0 | J21: =IF(J$7<Assumptions!$D$6,J18+J20,0) -> 0
B23: DPI (distributions / paid-in) | D23: =D15/D14 -> 0 | E23: =E15/E14 -> 0 | F23: =F15/F14 -> 0 | G23: =G15/G14 -> 0 | H23: =H15/H14 -> 0 | I23: =I15/I14 -> 1.8456244 | J23: =J15/J14 -> 1.8456244
B24: RVPI (residual value / paid-in) | D24: =D21/D14 -> 0.98862405 | E24: =E21/E14 -> 1.1617557 | F24: =F21/F14 -> 1.3073838 | G24: =G21/G14 -> 1.4791489 | H24: =H21/H14 -> 1.6428403 | I24: =I21/I14 -> 0 | J24: =J21/J14 -> 0
B25: TVPI (total value / paid-in) | D25: =D23+D24 -> 0.98862405 | E25: =E23+E24 -> 1.1617557 | F25: =F23+F24 -> 1.3073838 | G25: =G23+G24 -> 1.4791489 | H25: =H23+H24 -> 1.6428403 | I25: =I23+I24 -> 1.8456244 | J25: =J23+J24 -> 1.8456244
B26: LP net XIRR to selected exit | D26: =XIRR(D11:J11,D7:J7) -> 0.15008512
B30: Management Case: LP Net Cash Flows and Multiples
B31: Date | D31: ='Fund Waterfall'!D11 -> 46198 | E31: ='Fund Waterfall'!E11 -> 46387 | F31: ='Fund Waterfall'!F11 -> 46752 | G31: ='Fund Waterfall'!G11 -> 47118 | H31: ='Fund Waterfall'!H11 -> 47483 | I31: ='Fund Waterfall'!I11 -> 47848 | J31: ='Fund Waterfall'!J11 -> 48213
B32: (–) Capital called for the deal | D32: =IF(D$31='Fund Waterfall'!$D$11,-'Fund Waterfall'!$D$6,0) -> -5737.032 | E32: =IF(E$31='Fund Waterfall'!$D$11,-'Fund Waterfall'!$D$6,0) -> 0 | F32: =IF(F$31='Fund Waterfall'!$D$11,-'Fund Waterfall'!$D$6,0) -> 0 | G32: =IF(G$31='Fund Waterfall'!$D$11,-'Fund Waterfall'!$D$6,0) -> 0 | H32: =IF(H$31='Fund Waterfall'!$D$11,-'Fund Waterfall'!$D$6,0) -> 0 | I32: =IF(I$31='Fund Waterfall'!$D$11,-'Fund Waterfall'!$D$6,0) -> 0 | J32: =IF(J$31='Fund Waterfall'!$D$11,-'Fund Waterfall'!$D$6,0) -> 0
B33: (–) Management fees called | D33: =-IF(D$31<Assumptions!$D$6,'Fund Waterfall'!D$17,0) -> -66.015163 | E33: =-IF(E$31<Assumptions!$D$6,'Fund Waterfall'!E$17,0) -> -127.4896 | F33: =-IF(F$31<Assumptions!$D$6,'Fund Waterfall'!F$17,0) -> -127.83889 | G33: =-IF(G$31<Assumptions!$D$6,'Fund Waterfall'!G$17,0) -> -127.4896 | H33: =-IF(H$31<Assumptions!$D$6,'Fund Waterfall'!H$17,0) -> -127.4896 | I33: =-IF(I$31<Assumptions!$D$6,'Fund Waterfall'!I$17,0) -> 0 | J33: =-IF(J$31<Assumptions!$D$6,'Fund Waterfall'!J$17,0) -> 0
B34: (+) Distributions to LPs | D34: =IF(D$31=Assumptions!$D$6,INDEX('Fund Waterfall'!$F$132:$J$132,MATCH(Assumptions!$D$6,'Fund Waterfall'!$F$113:$J$113,0)),0) -> 0 | E34: =IF(E$31=Assumptions!$D$6,INDEX('Fund Waterfall'!$F$132:$J$132,MATCH(Assumptions!$D$6,'Fund Waterfall'!$F$113:$J$113,0)),0) -> 0 | F34: =IF(F$31=Assumptions!$D$6,INDEX('Fund Waterfall'!$F$132:$J$132,MATCH(Assumptions!$D$6,'Fund Waterfall'!$F$113:$J$113,0)),0) -> 0 | G34: =IF(G$31=Assumptions!$D$6,INDEX('Fund Waterfall'!$F$132:$J$132,MATCH(Assumptions!$D$6,'Fund Waterfall'!$F$113:$J$113,0)),0) -> 0 | H34: =IF(H$31=Assumptions!$D$6,INDEX('Fund Waterfall'!$F$132:$J$132,MATCH(Assumptions!$D$6,'Fund Waterfall'!$F$113:$J$113,0)),0) -> 0 | I34: =IF(I$31=Assumptions!$D$6,INDEX('Fund Waterfall'!$F$132:$J$132,MATCH(Assumptions!$D$6,'Fund Waterfall'!$F$113:$J$113,0)),0) -> 16658.1 | J34: =IF(J$31=Assumptions!$D$6,INDEX('Fund Waterfall'!$F$132:$J$132,MATCH(Assumptions!$D$6,'Fund Waterfall'!$F$113:$J$113,0)),0) -> 0
B35: Net cash flow to LPs ($m) | D35: =SUM(D32:D34) -> -5803.0471 | E35: =SUM(E32:E34) -> -127.4896 | F35: =SUM(F32:F34) -> -127.83889 | G35: =SUM(G32:G34) -> -127.4896 | H35: =SUM(H32:H34) -> -127.4896 | I35: =SUM(I32:I34) -> 16658.1 | J35: =SUM(J32:J34) -> 0
B36: Cumulative net cash flow (J-curve) | D36: =SUM($D35:D35) -> -5803.0471 | E36: =SUM($D35:E35) -> -5930.5367 | F36: =SUM($D35:F35) -> -6058.3756 | G36: =SUM($D35:G35) -> -6185.8652 | H36: =SUM($D35:H35) -> -6313.3548 | I36: =SUM($D35:I35) -> 10344.745 | J36: =SUM($D35:J35) -> 10344.745
B38: Paid-in capital, cumulative | D38: =-SUM($D32:D33) -> 5803.0471 | E38: =-SUM($D32:E33) -> 5930.5367 | F38: =-SUM($D32:F33) -> 6058.3756 | G38: =-SUM($D32:G33) -> 6185.8652 | H38: =-SUM($D32:H33) -> 6313.3548 | I38: =-SUM($D32:I33) -> 6313.3548 | J38: =-SUM($D32:J33) -> 6313.3548
B39: Distributions, cumulative | D39: =SUM($D34:D34) -> 0 | E39: =SUM($D34:E34) -> 0 | F39: =SUM($D34:F34) -> 0 | G39: =SUM($D34:G34) -> 0 | H39: =SUM($D34:H34) -> 0 | I39: =SUM($D34:I34) -> 16658.1 | J39: =SUM($D34:J34) -> 16658.1
B40: Implied equity value (LBO; cost at close) | D40: ='LBO Inputs'!$D$10 -> 5737.032 | E40: =('LBO Inputs'!$D$37+Assumptions!$D$7)*'LBO Inputs'!F34-'LBO Inputs'!E36 -> 7716.9787 | F40: ='Deal Returns'!F75 -> 10156.293 | G40: ='Deal Returns'!G75 -> 13225.344 | H40: ='Deal Returns'!H75 -> 16723.03 | I40: ='Deal Returns'!I75 -> 20418.83 | J40: ='Deal Returns'!J75 -> 24552.556
B41: (–) Management incentive pool on implied value | D41: =-Assumptions!$D$12*MAX(0,D40-'LBO Inputs'!$D$10*Assumptions!$D$13)*IF(Assumptions!$D$15=1,1,MIN(1,YEARFRAC('Fund Waterfall'!$D$11,D$31,1)/Assumptions!$D$14)) -> 0 | E41: =-Assumptions!$D$12*MAX(0,E40-'LBO Inputs'!$D$10*Assumptions!$D$13)*IF(Assumptions!$D$15=1,1,MIN(1,YEARFRAC('Fund Waterfall'!$D$11,E$31,1)/Assumptions!$D$14)) -> -158.39574 | F41: =-Assumptions!$D$12*MAX(0,F40-'LBO Inputs'!$D$10*Assumptions!$D$13)*IF(Assumptions!$D$15=1,1,MIN(1,YEARFRAC('Fund Waterfall'!$D$11,F$31,1)/Assumptions!$D$14)) -> -353.54086 | G41: =-Assumptions!$D$12*MAX(0,G40-'LBO Inputs'!$D$10*Assumptions!$D$13)*IF(Assumptions!$D$15=1,1,MIN(1,YEARFRAC('Fund Waterfall'!$D$11,G$31,1)/Assumptions!$D$14)) -> -599.06496 | H41: =-Assumptions!$D$12*MAX(0,H40-'LBO Inputs'!$D$10*Assumptions!$D$13)*IF(Assumptions!$D$15=1,1,MIN(1,YEARFRAC('Fund Waterfall'!$D$11,H$31,1)/Assumptions!$D$14)) -> -878.87983 | I41: =-Assumptions!$D$12*MAX(0,I40-'LBO Inputs'!$D$10*Assumptions!$D$13)*IF(Assumptions!$D$15=1,1,MIN(1,YEARFRAC('Fund Waterfall'!$D$11,I$31,1)/Assumptions!$D$14)) -> -1174.5438 | J41: =-Assumptions!$D$12*MAX(0,J40-'LBO Inputs'!$D$10*Assumptions!$D$13)*IF(Assumptions!$D$15=1,1,MIN(1,YEARFRAC('Fund Waterfall'!$D$11,J$31,1)/Assumptions!$D$14)) -> -1505.2419
B42: Fund NAV, before carry | D42: =D40+D41 -> 5737.032 | E42: =E40+E41 -> 7558.583 | F42: =F40+F41 -> 9802.7519 | G42: =G40+G41 -> 12626.279 | H42: =H40+H41 -> 15844.15 | I42: =I40+I41 -> 19244.286 | J42: =J40+J41 -> 23047.314
B43: Preferred return accrued to date | D43: ='Fund Waterfall'!$D$6*((1+Assumptions!$D$21)^((D$31-'Fund Waterfall'!$D$11)/Assumptions!$D$24)-1)+SUMPRODUCT('Fund Waterfall'!$D$17:$J$17*((1+Assumptions!$D$21)^((D$31-'Fund Waterfall'!$D$11:$J$11)/Assumptions!$D$24)-1)*('Fund Waterfall'!$D$11:$J$11<D$31)) -> 0 | E43: ='Fund Waterfall'!$D$6*((1+Assumptions!$D$21)^((E$31-'Fund Waterfall'!$D$11)/Assumptions!$D$24)-1)+SUMPRODUCT('Fund Waterfall'!$D$17:$J$17*((1+Assumptions!$D$21)^((E$31-'Fund Waterfall'!$D$11:$J$11)/Assumptions!$D$24)-1)*('Fund Waterfall'!$D$11:$J$11<E$31)) -> 235.92733 | F43: ='Fund Waterfall'!$D$6*((1+Assumptions!$D$21)^((F$31-'Fund Waterfall'!$D$11)/Assumptions!$D$24)-1)+SUMPRODUCT('Fund Waterfall'!$D$17:$J$17*((1+Assumptions!$D$21)^((F$31-'Fund Waterfall'!$D$11:$J$11)/Assumptions!$D$24)-1)*('Fund Waterfall'!$D$11:$J$11<F$31)) -> 729.24446 | G43: ='Fund Waterfall'!$D$6*((1+Assumptions!$D$21)^((G$31-'Fund Waterfall'!$D$11)/Assumptions!$D$24)-1)+SUMPRODUCT('Fund Waterfall'!$D$17:$J$17*((1+Assumptions!$D$21)^((G$31-'Fund Waterfall'!$D$11:$J$11)/Assumptions!$D$24)-1)*('Fund Waterfall'!$D$11:$J$11<G$31)) -> 1273.7999 | H43: ='Fund Waterfall'!$D$6*((1+Assumptions!$D$21)^((H$31-'Fund Waterfall'!$D$11)/Assumptions!$D$24)-1)+SUMPRODUCT('Fund Waterfall'!$D$17:$J$17*((1+Assumptions!$D$21)^((H$31-'Fund Waterfall'!$D$11:$J$11)/Assumptions!$D$24)-1)*('Fund Waterfall'!$D$11:$J$11<H$31)) -> 1870.5731 | I43: ='Fund Waterfall'!$D$6*((1+Assumptions!$D$21)^((I$31-'Fund Waterfall'!$D$11)/Assumptions!$D$24)-1)+SUMPRODUCT('Fund Waterfall'!$D$17:$J$17*((1+Assumptions!$D$21)^((I$31-'Fund Waterfall'!$D$11:$J$11)/Assumptions!$D$24)-1)*('Fund Waterfall'!$D$11:$J$11<I$31)) -> 2525.2874 | J43: ='Fund Waterfall'!$D$6*((1+Assumptions!$D$21)^((J$31-'Fund Waterfall'!$D$11)/Assumptions!$D$24)-1)+SUMPRODUCT('Fund Waterfall'!$D$17:$J$17*((1+Assumptions!$D$21)^((J$31-'Fund Waterfall'!$D$11:$J$11)/Assumptions!$D$24)-1)*('Fund Waterfall'!$D$11:$J$11<J$31)) -> 3242.0498
B44: (–) Accrued carried interest (hypothetical liquidation) | D44: =-(Assumptions!$D$22*MIN(MAX(0,D42-D38-D43),Assumptions!$D$23*D43/(Assumptions!$D$22-Assumptions!$D$23))+Assumptions!$D$23*MAX(0,MAX(0,D42-D38-D43)-Assumptions!$D$23*D43/(Assumptions!$D$22-Assumptions!$D$23))) -> 0 | E44: =-(Assumptions!$D$22*MIN(MAX(0,E42-E38-E43),Assumptions!$D$23*E43/(Assumptions!$D$22-Assumptions!$D$23))+Assumptions!$D$23*MAX(0,MAX(0,E42-E38-E43)-Assumptions!$D$23*E43/(Assumptions!$D$22-Assumptions!$D$23))) -> -325.60925 | F44: =-(Assumptions!$D$22*MIN(MAX(0,F42-F38-F43),Assumptions!$D$23*F43/(Assumptions!$D$22-Assumptions!$D$23))+Assumptions!$D$23*MAX(0,MAX(0,F42-F38-F43)-Assumptions!$D$23*F43/(Assumptions!$D$22-Assumptions!$D$23))) -> -748.87525 | G44: =-(Assumptions!$D$22*MIN(MAX(0,G42-G38-G43),Assumptions!$D$23*G43/(Assumptions!$D$22-Assumptions!$D$23))+Assumptions!$D$23*MAX(0,MAX(0,G42-G38-G43)-Assumptions!$D$23*G43/(Assumptions!$D$22-Assumptions!$D$23))) -> -1288.0828 | H44: =-(Assumptions!$D$22*MIN(MAX(0,H42-H38-H43),Assumptions!$D$23*H43/(Assumptions!$D$22-Assumptions!$D$23))+Assumptions!$D$23*MAX(0,MAX(0,H42-H38-H43)-Assumptions!$D$23*H43/(Assumptions!$D$22-Assumptions!$D$23))) -> -1906.1591 | I44: =-(Assumptions!$D$22*MIN(MAX(0,I42-I38-I43),Assumptions!$D$23*I43/(Assumptions!$D$22-Assumptions!$D$23))+Assumptions!$D$23*MAX(0,MAX(0,I42-I38-I43)-Assumptions!$D$23*I43/(Assumptions!$D$22-Assumptions!$D$23))) -> -2586.1862 | J44: =-(Assumptions!$D$22*MIN(MAX(0,J42-J38-J43),Assumptions!$D$23*J43/(Assumptions!$D$22-Assumptions!$D$23))+Assumptions!$D$23*MAX(0,MAX(0,J42-J38-J43)-Assumptions!$D$23*J43/(Assumptions!$D$22-Assumptions!$D$23))) -> -3346.7919
B45: Residual value to LPs (NAV) ($m) | D45: =IF(D$31<Assumptions!$D$6,D42+D44,0) -> 5737.032 | E45: =IF(E$31<Assumptions!$D$6,E42+E44,0) -> 7232.9737 | F45: =IF(F$31<Assumptions!$D$6,F42+F44,0) -> 9053.8766 | G45: =IF(G$31<Assumptions!$D$6,G42+G44,0) -> 11338.196 | H45: =IF(H$31<Assumptions!$D$6,H42+H44,0) -> 13937.991 | I45: =IF(I$31<Assumptions!$D$6,I42+I44,0) -> 0 | J45: =IF(J$31<Assumptions!$D$6,J42+J44,0) -> 0
B47: DPI (distributions / paid-in) | D47: =D39/D38 -> 0 | E47: =E39/E38 -> 0 | F47: =F39/F38 -> 0 | G47: =G39/G38 -> 0 | H47: =H39/H38 -> 0 | I47: =I39/I38 -> 2.6385496 | J47: =J39/J38 -> 2.6385496
B48: RVPI (residual value / paid-in) | D48: =D45/D38 -> 0.98862405 | E48: =E45/E38 -> 1.2196154 | F48: =F45/F38 -> 1.4944396 | G48: =G45/G38 -> 1.83292 | H48: =H45/H38 -> 2.2076996 | I48: =I45/I38 -> 0 | J48: =J45/J38 -> 0
B49: TVPI (total value / paid-in) | D49: =D47+D48 -> 0.98862405 | E49: =E47+E48 -> 1.2196154 | F49: =F47+F48 -> 1.4944396 | G49: =G47+G48 -> 1.83292 | H49: =H47+H48 -> 2.2076996 | I49: =I47+I48 -> 2.6385496 | J49: =J47+J48 -> 2.6385496
B50: LP net XIRR to selected exit | D50: =XIRR(D35:J35,D31:J31) -> 0.24706147
